Workbook
Name \A: #REF!
Name \B: #REF!
Name \C: #REF!
Name \M: #REF!
Name \N: #REF!
Name \P: #REF!
Name \R: #REF!
Name \U: #REF!
Name \V: #REF!
Name ab: #REF!
Name logo1: "Picture 7"
Name TEST: #REF!

Sheet Basic
A1: Package | B1: PACKAGE-G :: Demolition & Re-construction of Residential buildings at Misa substations in NER under O&M Add Cap 2019-24.
A3: Package Code | B3: Package-H
A5: Specification No. | B5: Specification No.: NESH/CSM/PRANIT/G1/1500-1316/Pkg-H/NIT

Sheet Cover
G1: ORIGINAL
A2: Price Schedules | B2: =Basic!B1 -> PACKAGE-G :: Demolition & Re-construction of Residential buildings at Misa substations in NER under O&M Add Cap 2019-24. | F2: Package-II
B3: =Basic!B5 -> Specification No.: NESH/CSM/PRANIT/G1/1500-1316/Pkg-H/NIT
B4: 1 | C4: Fill up only green shaded cells in Sch-1 and Bid Form 2nd Envelope.
B5: 2 | C5: All the cells in Sch-2 and Sch-3 are auto filled, therefore no cell is required to be filled up there.
B6: 3 | C6: Instructions / error messages, if any, will be displayed automatically after selecting the cell.
B7: 4 | C7: After filling up all the schedues, save the file, take print out of all the schedules and Bid form and sign & stamp and submit them as hard copy of the 2nd envelope (Price part) of the bid. Also ensure to submit the soft copy of the the same file on CD/ DVD.

Sheet Instructions
A1: ="General Instruction to the Bidders for filling up this workbook of Price Schedules for Package " & Basic!B3 -> General Instruction to the Bidders for filling up this workbook of Price Schedules for Package Package-H
A3: I | B3: While filling up the worksheets following may please be observed :
B4: (i) | C4: Fill up only green shaded cells.
B5: (ii) | C5: Certain data type entries have been restricted, such as Numeric values or limits of numeric values.
B6: (iii) | C6: Select only the options provided in pull down menus.
B7: (iv) | C7: Do not link any cell of this work book with any other work book.
B8: (v) | C8: Do not use copy & paste or cut & paste options for filling up the data.
B9: (vi) | C9: Do not reformat any of the cell of the work book.
A11: II | B11: This Workbook consists of following worksheets :
B12: Cover :
C13: Opening page of the workbook.
B14: Names of Bidder :
B15: ● | C15: Select Sole Bidder or JV (Joint Venture) from the pull down menu. Do not leave this cell blank.
B16: ● | C16: Select nos. of the JV Partners other than the Lead Partner from drop down menu.
B17: ● | C17: In case of JV partners more than 2, enter details of 3rd & more partners along with details of 2nd partner.
B18: ● | C18: Fill up names and address of the Sole Bidder and /or Joint Venture.
B19: ● | C19: Fill up date in dd-mm-yyyy format from drop down menu.
B20: ● | C20: Click for Sch-1 given at the right top of the worksheet to go to Sch-1.
B21: Sch-1 (Price Components (Price Break-up) ) :
B22: ● | C22: Fill up unit rates for all the items in numeric values greater than 0 (zero). If unit rate is left blank, the corresponding item shall be deemed to be included in the total price.
B23: ● | C23: Total amount shall get calculated automatically.
B24: Sch -2(Taxes and Duties) :
B25: ● | C25: Taxes and duties shall be displayed automatically.
B26: ● | C26: No cell is required to be filled in by the bidder in this worksheet.
B28: Sch -3(Grand Summary) :
B29: ● | C29: Summary of the Schedule-1 without considering discount (mentioned in the work sheet discount) shall be displayed automatically.
B30: ● | C30: No cell is required to be filled in by the bidder in this worksheet.
B31: Bid form 2nd Envelope :
B32: ● | C32: Fill up ref. no. as bidder's ref no. of this letter.
B33: ● | C33: This letter shall consider the net price as per Sch-3 (After Discount).
B34: ● | C34: Fill up names & Designation of the representatives of other JV partner(s) if the bidder is JV (Joint Venture) .
B35: ● | C35: Fill up additional information as required.
A38: * * *
A39: Happy Bidding !

Sheet Names of Bidder
B1: =Cover!$B$2 -> PACKAGE-G :: Demolition & Re-construction of Residential buildings at Misa substations in NER under O&M Add Cap 2019-24.
B2: =Cover!B3 -> Specification No.: NESH/CSM/PRANIT/G1/1500-1316/Pkg-H/NIT | AA2: Sole Bidder | AB2: 1
AB3: 2 or More
B4: Enter following details of the bidder
B6: Specify type of Bidder [Select from drop down menu] | D6: Sole Bidder | AA6: =IF(D6= "Sole Bidder", 0, D7) -> 0
B7: =IF(D6= "JV (Joint Venture)", "Total Nos. of Partners in the JV [excluding the Lead Partner]", "") | D7: 2 or More
L8: =IF(AND(D6="JV (Joint Venture)",D7=1),1,0) -> 0
B9: =IF(D6= "Sole Bidder", "Name of Sole Bidder", "Name of Lead Partner") -> Name of Sole Bidder
B10: =IF(D6= "Sole Bidder", "Address of Sole Bidder", "Address of Lead Partner") -> Address of Sole Bidder
B14: =IF(D7=1, "Name of other Partner","Name of other Partner - 1") -> Name of other Partner - 1
B15: =IF(D7=1, "Address of other Partner","Address of other Partner - 1") -> Address of other Partner - 1
B19: Name of other Partner - 2 (more, if any)
B20: Address of other Partner - 2 (more, if any)
B24: Printed Name
B25: Designation
B27: Date | G27: =IF(D27>H27, "Invalid Date !", "") | H27: =IF(E27="Feb",29,IF(OR(E27="Apr", E27="Jun", E27="Sep", E27="Nov"),30,31)) -> 31
B28: Place

Sheet Sch-1(A)
A1: =Cover!B3 -> Specification No.: NESH/CSM/PRANIT/G1/1500-1316/Pkg-H/NIT | Q1: Schedule-1(A) | R1: Schedule - 1 | AE1: Direct Total | AF1: =SUMIF(#REF!, "Direct",R33:R145) -> #REF! | AK1: ='Names of Bidder'!D6 -> Sole Bidder | AL1: `
AE2: BO Total | AF2: =#REF!-AF1 -> #REF! | AK2: ='Names of Bidder'!AA6 -> 0
A3: =Cover!$B$2 -> PACKAGE-G :: Demolition & Re-construction of Residential buildings at Misa substations in NER under O&M Add Cap 2019-24.
A4: (SCHEDULE OF RATES AND PRICES)
A6: ="Bidder’s Name and Address (" & MID('Names of Bidder'!B9,9, 20) & ") :" -> Bidder’s Name and Address (Sole Bidder) : | O6: To:
A7: =IF('Names of Bidder'!D9="", "", IF('Names of Bidder'!D6= "JV (Joint Venture)", "JV of " & AK8, "")) | O7: Contracts and Material
A8: Name : | F8: =IF('Names of Bidder'!D9=0, "", 'Names of Bidder'!D9) | O8: Power Grid Corporation of India Ltd., | AK8: =IF('Names of Bidder'!D7=1,'Names of Bidder'!D9&" & "&'Names of Bidder'!D14,IF('Names of Bidder'!D7="2 or More",'Names of Bidder'!D9&" , "&'Names of Bidder'!D14&" & "&'Names of Bidder'!D19,"")) -> , &
A9: Address : | F9: =IF('Names of Bidder'!D10=0, "", 'Names of Bidder'!D10) | O9: North Eastern Region Transmission System
F10: =IF('Names of Bidder'!D11=0, "", 'Names of Bidder'!D11) | O10: Dongtieh, Lower Nongrah,
F11: =IF('Names of Bidder'!D12=0, "", 'Names of Bidder'!D12) | O11: Lapalang, Shillong – 793 006 (Meghalaya)
A13: PRICE COMPONENTS (PRICE BREAK-UP) | AF13: Direct
AF14: Bought-Out
N16: All Prices are in Indian Rupees.
A17: SI. No. | B17: DSR Item Ref | C17: PR Line Item No | D17: Activity Header | E17: PR Activity No | F17: Activity Description | H17: SAC (Service Accounting Codes) | I17: Whether SAC in column '8’ is confirmed. If not indicate applicable the SAC # | J17: Rate of GST applicable ( in %) | K17: Whether rate of GST in column ‘ 10 ’ is confirmed. If not indicate applicable rate of GST # | L17: Description | M17: Unit | N17: Qty | O17: Unit Rate [Before] | P17: Unit Rate | Q17: Total Price | R17: Total Price
A18: 1 | B18: 2 | C18: 3 | D18: 4 | E18: 5 | F18: 6 | G18: 7 | H18: 8 | I18: 9 | J18: 10 | K18: 11 | L18: 12 | M18: 13 | N18: 14 | O18: 15 | R18: 16 = 14 x 15
A19: PART-A | B19: Dismantling 20 Nos B-type buildings at 400kV Misa Substation
A20: 1 | B20: 14.82 | H20: 995431 | I20: Confirmed | J20: 0.18 | K20: Confirmed | L20: 14.82 Dismantling W.C. Pan of all sizes including disposal of dismantled materials i/c malba all complete as per directions of Engineer-in- Charge. | M20: Each | N20: 20 | O20: 123.55 | P20: =O20+O20*$O$273 -> 123.55 | Q20: =IF(P20=0, "Included",IF(ISERROR(N20*P20),P20, N20*P20)) -> 2471 | R20: =O20*N20 -> 2471
A21: 2 | B21: 15.52 | H21: 995419 | I21: Confirmed | J21: 0.18 | K21: Confirmed | L21: 15.52 Dismantling of flushing cistern of all types (C.I./PVC/Vitrious China) including stacking of useful materials near the site and disposal of unserviceable materials within 50 metres lead. | M21: Each | N21: 20 | O21: 831.03 | P21: =O21+O21*$O$273 -> 831.03 | Q21: =IF(P21=0, "Included",IF(ISERROR(N21*P21),P21, N21*P21)) -> 16620.6 | R21: =O21*N21 -> 16620.6
A22: 3 | B22: 15.2.1 | H22: 995429 | I22: Confirmed | J22: 0.18 | K22: Confirmed | L22: Demolishing cement concrete manually/ by mechanical means including disposal of material within 50 metres lead as per direction of Engineer - in - charge. 15.2.1 Nominal concrete 1:3:6 or richer mix (i/c equivalent design mix) | M22: Cum | N22: 61.9935 | O22: 2240.06 | P22: =O22+O22*$O$273 -> 2240.06 | Q22: =IF(P22=0, "Included",IF(ISERROR(N22*P22),P22, N22*P22)) -> 138869.16 | R22: =O22*N22 -> 138869.16
A23: 4 | B23: 15.3 | H23: 995429 | I23: Confirmed | J23: 0.18 | K23: Confirmed | L23: 15.3 Demolishing R.C.C. work manually/ by mechanical means including stacking of steel bars and disposal of unserviceable material within 50 metres lead as per direction of Engineer - in- charge | M23: Cum | N23: 261 | O23: 3267.98 | P23: =O23+O23*$O$273 -> 3267.98 | Q23: =IF(P23=0, "Included",IF(ISERROR(N23*P23),P23, N23*P23)) -> 852942.78 | R23: =O23*N23 -> 852942.78
A24: 5 | B24: 15.7.4 | H24: 995429 | I24: Confirmed | J24: 0.18 | K24: Confirmed | L24: Demolishing brick work manually/ by mechanical means including stacking of serviceable material and disposal of unserviceable material within 50 metres lead as per direction of Engineer-in-charge. 15.7.4 In cement mortar | M24: Cum | N24: 155.58638 | O24: 1895.59 | P24: =O24+O24*$O$273 -> 1895.59 | Q24: =IF(P24=0, "Included",IF(ISERROR(N24*P24),P24, N24*P24)) -> 294927.98 | R24: =O24*N24 -> 294927.98
A25: 6 | B25: 15.12.1 | H25: 995419 | I25: Confirmed | J25: 0.18 | K25: Confirmed | L25: Dismantling doors, windows and clerestory windows (steel or wood) shutter including chowkhats, architrave, holdfasts etc. complete and stacking within 50 metres lead : 15.12.1 Of area 3 sq. metres and below | M25: Each | N25: 168 | O25: 337.84 | P25: =O25+O25*$O$273 -> 337.84 | Q25: =IF(P25=0, "Included",IF(ISERROR(N25*P25),P25, N25*P25)) -> 56757.12 | R25: =O25*N25 -> 56757.12
A26: 7 | B26: 15.14.1 | H26: 995419 | I26: Confirmed | J26: 0.18 | K26: Confirmed | L26: 15.14.1 Of sectional area 40 square centimetres and above | M26: Cum | N26: 13.311375 | O26: 4101 | P26: =O26+O26*$O$273 -> 4101 | Q26: =IF(P26=0, "Included",IF(ISERROR(N26*P26),P26, N26*P26)) -> 54589.949 | R26: =O26*N26 -> 54589.949
A27: 8 | B27: 15.28.1 | H27: 995419 | I27: Confirmed | J27: 0.18 | K27: Confirmed | L27: Dismantling roofing including ridges, hips, valleys and gutters etc., and stacking the material within 50 metres lead of: 15.28.1 G.S. Sheet | M27: Sqm | N27: 1108.275 | O27: 151.79 | P27: =O27+O27*$O$273 -> 151.79 | Q27: =IF(P27=0, "Included",IF(ISERROR(N27*P27),P27, N27*P27)) -> 168225.06 | R27: =O27*N27 -> 168225.06
A28: 9 | B28: 15.44.1 | H28: 995419 | I28: Confirmed | J28: 0.18 | K28: Confirmed | L28: Dismantling G.I. pipes (external work) including excavation and refilling trenches after taking out the pipes, manually/ by mechanical means including stacking of pipes within 50 metres lead as per direction of Engineer-in-charge : 15.44.1 15 mm to 40 mm nominal bore | M28: Mtr | N28: 187 | O28: 138.5 | P28: =O28+O28*$O$273 -> 138.5 | Q28: =IF(P28=0, "Included",IF(ISERROR(N28*P28),P28, N28*P28)) -> 25899.5 | R28: =O28*N28 -> 25899.5
A29: 10 | B29: 15.45.1 | H29: 995419 | I29: Confirmed | J29: 0.18 | K29: Confirmed | L29: Dismantling C.I. pipes including excavation and refilling trenches after taking out the pipes, manually/ by mechanical means breaking lead caulked joints, melting of lead and making into blocks including stacking of pipes & lead at site within 50 metre lead as per direction of Engineer-in-charge: 15.45.1 Up to 150 mm diameter | M29: Mtr | N29: 184 | O29: 380.25 | P29: =O29+O29*$O$273 -> 380.25 | Q29: =IF(P29=0, "Included",IF(ISERROR(N29*P29),P29, N29*P29)) -> 69966 | R29: =O29*N29 -> 69966
A30: 11 | B30: 15.6 | H30: 995419 | I30: Confirmed | J30: 0.18 | K30: Confirmed | L30: 15.60 Disposal of building rubbish / malba / similar unserviceable, dismantled or waste materials by mechanical means, including loading, transporting, unloading to approved municipal dumping ground or as approved by Engineer-in-charge, beyond 50 m initial lead, for all leads including all lifts involved. | M30: Cum | N30: 2000 | O30: 244.81 | P30: =O30+O30*$O$273 -> 244.81 | Q30: =IF(P30=0, "Included",IF(ISERROR(N30*P30),P30, N30*P30)) -> 489620 | R30: =O30*N30 -> 489620
L31: Sub-Total | Q31: =SUBTOTAL(9,Q20:Q30) -> 2170889.1 | R31: =O31*N31 -> 0
A32: PART-B:Construction of 01Nos. B1 (2 units) Type building, 02 Nos B-2 (10 units) Type building, 01 Nos B3 (4 units) Type Building, 01 C (2 units) type building and dismantling of existing building at 400 kV Misa Sub-station under ADD CAP 2019-24. | R32: =O32*N32 -> 0
A33: 1 | B33: 2.6.1 | H33: 995433 | I33: Confirmed | J33: 0.18 | K33: Confirmed | L33: Earth work in excavation by mechanical means (Hydraulic excavator)/ manual means over areas (exceeding 30 cm in depth, 1.5 m in width as well as 10 sqm on plan) including getting out and disposal of excavated earth lead upto 50 m and lift upto 1.5 m, as directed by Engineer-incharge. All kinds of soil. | M33: cum | N33: 3491.14 | O33: 229.3 | P33: =O33+O33*$O$273 -> 229.3 | Q33: =IF(P33=0, "Included",IF(ISERROR(ROUND(N33*P33,2)),P33, ROUND(N33*P33,2))) -> 800518.4 | R33: =O33*N33 -> 800518.4 | S33: =O33*N33 -> 800518.4
A34: 2 | B34: 2.8.1 | H34: 995433 | I34: Confirmed | J34: 0.18 | K34: Confirmed | L34: Earth work in excavation by mechanical means (Hydraulic excavator) / manual means in foundation trenches or drains (not exceeding 1.5 m in width or 10 sqm on plan), including dressing of sides and ramming of bottoms, lift upto 1.5 m, including getting out the excavated soil and disposal of surplus excavated soil as directed, within a lead of 50 m. 2.8.1 All kinds of soil. | M34: cum | N34: 250 | O34: 320.15 | P34: =O34+O34*$O$273 -> 320.15 | Q34: =IF(P34=0, "Included",IF(ISERROR(ROUND(N34*P34,2)),P34, ROUND(N34*P34,2))) -> 80037.5 | R34: =O34*N34 -> 80037.5
A35: 3 | B35: 2.10.1.1 | H35: 995433 | I35: Confirmed | J35: 0.18 | K35: Confirmed | L35: Excavating trenches of required width for pipes, cables, etc including excavation for sockets, and dressing of sides, ramming of bottoms, depth upto 1.5 m, including getting out the excavated soil, and then returning the soil as required, in layers not exceeding 20 cm in depth, including consolidating each deposited layer by ramming, watering, etc. and disposing of urplus excavated soil as directed, within a lead of 50 m : 2.10.1 All kinds of soil. 2.10.1.1 Pipes, cables etc, not exceeding 80 mm dia. | M35: Metre | N35: 200 | O35: 285.21 | P35: =O35+O35*$O$273 -> 285.21 | Q35: =IF(P35=0, "Included",IF(ISERROR(ROUND(N35*P35,2)),P35, ROUND(N35*P35,2))) -> 57042 | R35: =O35*N35 -> 57042
A36: 4 | B36: 2.25 | H36: 995433 | I36: Confirmed | J36: 0.18 | K36: Confirmed | L36: Filling available excavated earth (excluding rock) in trenches, plinth, sides of foundations etc. in layers not exceeding 20cm in depth, consolidating each deposited layer by ramming and watering, lead up to 50 m and lift upto 1.5 m. | M36: cum | N36: 1980.95 | O36: 283.43 | P36: =O36+O36*$O$273 -> 283.43 | Q36: =IF(P36=0, "Included",IF(ISERROR(ROUND(N36*P36,2)),P36, ROUND(N36*P36,2))) -> 561460.66 | R36: =O36*N36 -> 561460.66
A37: 5 | B37: 2.25A | H37: 995443 | I37: Confirmed | J37: 0.18 | K37: Confirmed | L37: Excavating, supplying and filling of local earth (including royalty) by mechanical transport upto a lead of 5km also including ramming and watering of the earth in layers not exceeding 20 cm in trenches, plinth, sides of foundation etc. complete. | M37: cum | N37: 75 | O37: 411.44 | P37: =O37+O37*$O$273 -> 411.44 | Q37: =IF(P37=0, "Included",IF(ISERROR(ROUND(N37*P37,2)),P37, ROUND(N37*P37,2))) -> 30858 | R37: =O37*N37 -> 30858
A38: 6 | B38: 2.26.1 | H38: 995433 | I38: Confirmed | J38: 0.18 | K38: Confirmed | L38: Extra for every additional lift of 1.5 m or part thereof in excavation / banking excavated or stacked materials. All kinds of soil. | M38: cum | N38: 1282.47 | O38: 116.63 | P38: =O38+O38*$O$273 -> 116.63 | Q38: =IF(P38=0, "Included",IF(ISERROR(ROUND(N38*P38,2)),P38, ROUND(N38*P38,2))) -> 149574.48 | R38: =O38*N38 -> 149574.48
A39: 7 | B39: 2.27 | H39: 995433 | I39: Confirmed | J39: 0.18 | K39: Confirmed | L39: Supplying and filling in plinth with sand under floors, including watering, ramming, consolidating and dressing complete. | M39: cum | N39: 106.12 | O39: 2412.05 | P39: =O39+O39*$O$273 -> 2412.05 | Q39: =IF(P39=0, "Included",IF(ISERROR(ROUND(N39*P39,2)),P39, ROUND(N39*P39,2))) -> 255966.75 | R39: =O39*N39 -> 255966.75
A40: 8 | B40: 2.28 | H40: 995433 | I40: Confirmed | J40: 0.18 | K40: Confirmed | L40: Surface dressing of the ground including removing vegetation and inequalities not exceeding 15 cm deep and disposal of rubbish, lead up to 50 m and lift up to 1.5 m. 2.28.1 All kinds of soil | M40: sqm | N40: 1500 | O40: 31.42 | P40: =O40+O40*$O$273 -> 31.42 | Q40: =IF(P40=0, "Included",IF(ISERROR(ROUND(N40*P40,2)),P40, ROUND(N40*P40,2))) -> 47130 | R40: =O40*N40 -> 47130
A41: 9 | I41: Confirmed | J41: 0.18 | K41: Confirmed | L41: Concrete Work | N41: 0 | O41: 0 | P41: =O41+O41*$O$273 -> 0 | Q41: =IF(P41=0, "Included",IF(ISERROR(ROUND(N41*P41,2)),P41, ROUND(N41*P41,2))) -> Included | R41: =O41*N41 -> 0
A42: 10 | B42: 2.35.1.1 | H42: 995433 | I42: Confirmed | J42: 0.18 | K42: Confirmed | L42: Diluting and injecting chemical emulsion for POST-CONSTRUCTIONAL anti-termite treatment : Along external wall where the apron is not provided using chemical emulsion @ 7.5 litres / sqm of the vertical surface of the substructure to a depth of 300mm including excavation channel along the wall & rodding etc. complete: With Chlorpyriphos/ Lindane E.C. 20% with 1% concentration | M42: Metre | N42: 351.22 | O42: 36.05 | P42: =O42+O42*$O$273 -> 36.05 | Q42: =IF(P42=0, "Included",IF(ISERROR(ROUND(N42*P42,2)),P42, ROUND(N42*P42,2))) -> 12661.48 | R42: =O42*N42 -> 12661.481
A43: 11 | B43: 4.1.3 | H43: 995454 | I43: Confirmed | J43: 0.18 | K43: Confirmed | L43: Providing and laying in position cement concrete of specified grade excluding the cost of centring and shuttering - All work upto plinth leve 4.1.3 1:2:4 (1 cement : 2 coarse sand : 4 graded stone aggregate 20 mm nominal size) | M43: Cum | N43: 48.47 | O43: 8220.03 | P43: =O43+O43*$O$273 -> 8220.03 | Q43: =IF(P43=0, "Included",IF(ISERROR(ROUND(N43*P43,2)),P43, ROUND(N43*P43,2))) -> 398424.85 | R43: =O43*N43 -> 398424.85
A44: 12 | B44: 4.1.8 | H44: 995454 | I44: Confirmed | J44: 0.18 | K44: Confirmed | L44: Providing and laying in position cement concrete of specified grade excluding the cost of centering and shuttering - All work up to plinth level : 1:4:8 (1 Cement : 4 coarse sand (zone-III) : 8 graded stone aggregate 40 mm nominal size) | M44: cum | N44: 95.32 | O44: 7060.32 | P44: =O44+O44*$O$273 -> 7060.32 | Q44: =IF(P44=0, "Included",IF(ISERROR(ROUND(N44*P44,2)),P44, ROUND(N44*P44,2))) -> 672989.7 | R44: =O44*N44 -> 672989.7
A45: 13 | B45: 4.11 | H45: 995454 | I45: Confirmed | J45: 0.18 | K45: Confirmed | L45: Providing and laying damp-proof course 50mm thick with cement concrete 1:2:4 (1 cement : 2 coarse sand(zone-III) : 4 graded stone aggregate 20mm nominal size). | M45: sqm | N45: 74.87 | O45: 504.74 | P45: =O45+O45*$O$273 -> 504.74 | Q45: =IF(P45=0, "Included",IF(ISERROR(ROUND(N45*P45,2)),P45, ROUND(N45*P45,2))) -> 37789.88 | R45: =O45*N45 -> 37789.884
A46: 14 | B46: 4.12 | H46: 995454 | I46: Confirmed | J46: 0.18 | K46: Confirmed | L46: Extra for providing and mixing water proofing material in cement concrete work in doses by weight of cement as per manufacturer's specification. | M46: per 50kg of cement | N46: 270 | O46: 63.78 | P46: =O46+O46*$O$273 -> 63.78 | Q46: =IF(P46=0, "Included",IF(ISERROR(ROUND(N46*P46,2)),P46, ROUND(N46*P46,2))) -> 17220.6 | R46: =O46*N46 -> 17220.6
A47: 15 | B47: 4.13 | H47: 995454 | I47: Confirmed | J47: 0.18 | K47: Confirmed | L47: Providing & applying a coat of residual petroleum bitumen of grade of VG-10 of approved quality using 1.7kg per square metre on damp proof course after cleaning the surface with brushes and finally with apiece of cloth lightly soaked in kerosene oil. | M47: sqm | N47: 53.82 | O47: 127.06 | P47: =O47+O47*$O$273 -> 127.06 | Q47: =IF(P47=0, "Included",IF(ISERROR(ROUND(N47*P47,2)),P47, ROUND(N47*P47,2))) -> 6838.37 | R47: =O47*N47 -> 6838.3692
A48: 16 | B48: 4.17 | H48: 995454 | I48: Confirmed | J48: 0.18 | K48: Confirmed | L48: Making plinth protection 50mm thick of cement concrete 1:3:6 (1 cement : 3 coarse sand (zone - III) : 6 graded stone aggregate 20 mm nominal size) over 75mm thick bed of dry brick ballast 40 mm nominal size, well rammed and consolidated and grouted with fine sand, including necessary excavation, levelling & dressing & finishing the top smooth. | M48: sqm | N48: 263.18 | O48: 760.77 | P48: =O48+O48*$O$273 -> 760.77 | Q48: =IF(P48=0, "Included",IF(ISERROR(ROUND(N48*P48,2)),P48, ROUND(N48*P48,2))) -> 200219.45 | R48: =O48*N48 -> 200219.45
A49: 17 | B49: 5.9.1 | H49: 995457 | I49: Confirmed | J49: 0.18 | K49: Confirmed | L49: Centering and shuttering including strutting, propping etc. and removal of form for :Foundations, footings, bases of columns, etc. for mass concrete | M49: sqm | N49: 585.03 | O49: 343.69 | P49: =O49+O49*$O$273 -> 343.69 | Q49: =IF(P49=0, "Included",IF(ISERROR(ROUND(N49*P49,2)),P49, ROUND(N49*P49,2))) -> 201068.96 | R49: =O49*N49 -> 201068.96
A50: 18 | B50: 5.9.3 | H50: 995457 | I50: Confirmed | J50: 0.18 | K50: Confirmed | L50: Centering and shuttering including strutting, propping etc. and removal of form for :Suspended floors, roofs, landings, balconies and access platform | M50: sqm | N50: 2318.36 | O50: 855.52 | P50: =O50+O50*$O$273 -> 855.52 | Q50: =IF(P50=0, "Included",IF(ISERROR(ROUND(N50*P50,2)),P50, ROUND(N50*P50,2))) -> 1983403.4 | R50: =O50*N50 -> 1983403.3
A51: 19 | B51: 5.9.5 | H51: 995457 | I51: Confirmed | J51: 0.18 | K51: Confirmed | L51: Centering and shuttering including strutting, propping etc. and removal of form for : Lintels, beams, plinth beams, girders, bressumers and cantilevers | M51: sqm | N51: 2516.89 | O51: 678.96 | P51: =O51+O51*$O$273 -> 678.96 | Q51: =IF(P51=0, "Included",IF(ISERROR(ROUND(N51*P51,2)),P51, ROUND(N51*P51,2))) -> 1708867.6 | R51: =O51*N51 -> 1708867.6
A52: 20 | B52: 5.9.6 | H52: 995457 | I52: Confirmed | J52: 0.18 | K52: Confirmed | L52: Centering and shuttering including strutting, propping etc. and removal of form for : Columns, Pillars, Piers, Abutments, Posts and Struts | M52: sqm | N52: 1357.9 | O52: 897.6 | P52: =O52+O52*$O$273 -> 897.6 | Q52: =IF(P52=0, "Included",IF(ISERROR(ROUND(N52*P52,2)),P52, ROUND(N52*P52,2))) -> 1218851 | R52: =O52*N52 -> 1218851
A53: 21 | B53: 5.9.7 | H53: 995457 | I53: Confirmed | J53: 0.18 | K53: Confirmed | L53: Centering and shuttering including strutting, propping etc. and removal of form for : Stairs, (excluding landings) except spiral-staircases | M53: sqm | N53: 133.13 | O53: 734.1 | P53: =O53+O53*$O$273 -> 734.1 | Q53: =IF(P53=0, "Included",IF(ISERROR(ROUND(N53*P53,2)),P53, ROUND(N53*P53,2))) -> 97730.73 | R53: =O53*N53 -> 97730.733
A54: 22 | B54: 5.9.19 | H54: 995457 | I54: Confirmed | J54: 0.18 | K54: Confirmed | L54: Centering and shuttering including strutting, propping etc. and removal of form for : Weather shade, Chajjas, corbels etc., including edges. | M54: sqm | N54: 143.81 | O54: 909.54 | P54: =O54+O54*$O$273 -> 909.54 | Q54: =IF(P54=0, "Included",IF(ISERROR(ROUND(N54*P54,2)),P54, ROUND(N54*P54,2))) -> 130800.95 | R54: =O54*N54 -> 130800.95
A55: 23 | B55: 5.22.6 | H55: 995454 | I55: Confirmed | J55: 0.18 | K55: Confirmed | L55: STEEL REINFORCEMENT Steel reinforcement for R.C.C. work including straightening, cutting, bending, placing in position and binding all complete upto plinth level. Thermo-Mechanically Treated bars of grade Fe-500D or more. | M55: kg | N55: 44920.97 | O55: 100.06 | P55: =O55+O55*$O$273 -> 100.06 | Q55: =IF(P55=0, "Included",IF(ISERROR(ROUND(N55*P55,2)),P55, ROUND(N55*P55,2))) -> 4494792.3 | R55: =O55*N55 -> 4494792.3
A56: 24 | B56: 5.22A.6 | H56: 995454 | I56: Confirmed | J56: 0.18 | K56: Confirmed | L56: Steel reinforcement for R.C.C. work including straightening, cutting, bending, placing in position and binding all complete above plinth level. Thermo-Mechanically Treated bars of grade Fe-500D or more. | M56: kg | N56: 55279.39 | O56: 100.06 | P56: =O56+O56*$O$273 -> 100.06 | Q56: =IF(P56=0, "Included",IF(ISERROR(ROUND(N56*P56,2)),P56, ROUND(N56*P56,2))) -> 5531255.8 | R56: =O56*N56 -> 5531255.8
A57: 25 | B57: 5.3 | H57: 995478 | I57: Confirmed | J57: 0.18 | K57: Confirmed | L57: 5.30 Add for plaster drip course/ groove in plastered surface or moulding to R.C.C. projections. | M57: Mtr | N57: 415.21 | O57: 72.21 | P57: =O57+O57*$O$273 -> 72.21 | Q57: =IF(P57=0, "Included",IF(ISERROR(ROUND(N57*P57,2)),P57, ROUND(N57*P57,2))) -> 29982.31 | R57: =O57*N57 -> 29982.314
A58: 26 | B58: 5.3 | H58: 995454 | I58: Confirmed | J58: 0.18 | K58: Confirmed | L58: 5.3 Reinforced cement concrete work in beams, suspended floors, roofs having slope up to 15° landings, balconies, shelves, chajjas, lintels, bands, plain window sills, staircases and spiral stair cases above plinth level up to floor five level, excluding the cost of centering, shuttering, finishing and reinforcement with 1:1.5:3 (1 cement : 1.5 coarse sand(zone-III) derived from natural sources : 3 graded stone aggregate 20 mm nominal size derived from natural sources). | M58: cum | N58: 40 | O58: 11963.5 | P58: =O58+O58*$O$273 -> 11963.5 | Q58: =IF(P58=0, "Included",IF(ISERROR(ROUND(N58*P58,2)),P58, ROUND(N58*P58,2))) -> 478540 | R58: =O58*N58 -> 478540
A59: 27 | B59: 5.33.1 | H59: 995454 | I59: Confirmed | J59: 0.18 | K59: Confirmed | L59: DESIGN MIX CONCRETE Providing and laying in position ready mixed or site batched design mix cement concrete for reinforced cement concrete work, using coarse aggregate and fine aggregates derived from natural sources, Potrland Puzzzolana/ Ordinary Portland/ Portland slag, admixutues in recommneded proportions as per IS: 9103 to accelerate/ retard setting of concrete to improve workability without impairing strength and including pumping of concrete to site of laying, curing, carriage for all leads but excluding cost of centering, shuttering, finishing & reinforcement as per direction of Engineer-in-charge. Concrete of M25 grade All works upto plinth level | M59: cum | N59: 449.21 | O59: 8925.56 | P59: =O59+O59*$O$273 -> 8925.56 | Q59: =IF(P59=0, "Included",IF(ISERROR(ROUND(N59*P59,2)),P59, ROUND(N59*P59,2))) -> 4009450.8 | R59: =O59*N59 -> 4009450.8
A60: 28 | B60: 5.33.2 | H60: 995454 | I60: Confirmed | J60: 0.18 | K60: Confirmed | L60: DESIGN MIX CONCRETE Providing and laying in position ready mixed or site batched design mix cement concrete for reinforced cement concrete work, using coarse aggregate and fine aggregates derived from natural sources, Potrland Puzzzolana/ Ordinary Portland/ Portland slag, admixutues in recommneded proportions as per IS: 9103 to accelerate/ retard setting of concrete to improve workability without impairing strength and including pumping of concrete to site of laying, curing, carriage for all leads but excluding cost of centering, shuttering, finishing & reinforcement as per direction of Engineer-in-charge. Concrete of M25 grade All works above plinth level upto floor V level | M60: cum | N60: 527.58 | O60: 11250.17 | P60: =O60+O60*$O$273 -> 11250.17 | Q60: =IF(P60=0, "Included",IF(ISERROR(ROUND(N60*P60,2)),P60, ROUND(N60*P60,2))) -> 5935364.7 | R60: =O60*N60 -> 5935364.7
A61: 29 | B61: 6.1.2 | H61: 995456 | I61: Confirmed | J61: 0.18 | K61: Confirmed | L61: Brick work with common burnt clay F.P.S. (non modular) bricks of class designation 7.5 in foundation and plinth in: Cement mortar 1:6 (1 cement : 6 coarse sand) | M61: cum | N61: 45.13 | O61: 7431.08 | P61: =O61+O61*$O$273 -> 7431.08 | Q61: =IF(P61=0, "Included",IF(ISERROR(ROUND(N61*P61,2)),P61, ROUND(N61*P61,2))) -> 335364.64 | R61: =O61*N61 -> 335364.64
A62: 30 | B62: 6.4.1 | H62: 995456 | I62: Confirmed | J62: 0.18 | K62: Confirmed | L62: Brick work with common burnt clay F.P.S. (non modular) bricks of class designation 7.5 in superstructure above plinth level up to floor V level in all shapes and sizes in : Cement mortar 1:4 (1 cement : 4 coarse sand) | M62: cum | N62: 470.04 | O62: 9500.11 | P62: =O62+O62*$O$273 -> 9500.11 | Q62: =IF(P62=0, "Included",IF(ISERROR(ROUND(N62*P62,2)),P62, ROUND(N62*P62,2))) -> 4465431.7 | R62: =O62*N62 -> 4465431.7
A63: 31 | B63: 6.13.2 | H63: 995456 | I63: Confirmed | J63: 0.18 | K63: Confirmed | L63: Half brick masonry with common burnt clay F.P.S. (non modular) bricks of class designation 7.5 in superstructure above plinth level up to floor V level. Cement mortar 1:4 (1 cement :4 coarse sand) | M63: sqm | N63: 2417.87 | O63: 1136.22 | P63: =O63+O63*$O$273 -> 1136.22 | Q63: =IF(P63=0, "Included",IF(ISERROR(ROUND(N63*P63,2)),P63, ROUND(N63*P63,2))) -> 2747232.2 | R63: =O63*N63 -> 2747232.3
A64: 32 | B64: 6.15 | H64: 995456 | I64: Confirmed | J64: 0.18 | K64: Confirmed | L64: 6.15 Extra for providing and placing in position 2 Nos 6mm dia. M.S. bars at every third course of half brick masonry. | M64: sqm | N64: 2417.87 | O64: 96.48 | P64: =O64+O64*$O$273 -> 96.48 | Q64: =IF(P64=0, "Included",IF(ISERROR(ROUND(N64*P64,2)),P64, ROUND(N64*P64,2))) -> 233276.1 | R64: =O64*N64 -> 233276.1
A65: 33 | B65: 7.32.1 | H65: 995474 | I65: Confirmed | J65: 0.18 | K65: Confirmed | L65: Stone work, plain in copings, cornices, string courses and plinth courses, upto 75 mm thick in Cement mortar 1:6 (1 cement : 6 coarse sand), including pointing with white cement mortar 1:2 (1 white cement : 2 stone dust) with an admixture of pigment matching the stone shade. 7.32.1 Red sand stone | M65: cum | N65: 6.36 | O65: 80457.98 | P65: =O65+O65*$O$273 -> 80457.98 | Q65: =IF(P65=0, "Included",IF(ISERROR(ROUND(N65*P65,2)),P65, ROUND(N65*P65,2))) -> 511712.75 | R65: =O65*N65 -> 511712.75
A66: 34 | B66: 8.2.2.2 | H66: 995474 | I66: Confirmed | J66: 0.18 | K66: Confirmed | L66: Providing and fixing 18 mm thick gang saw cut, mirror polished, premoulded and prepolished, machine cut for kitchen platforms, vanity counters, window sills, facias and similar locations of required size, approved shade, colour and texture laid over 20 mm thick base cement mortar 1:4 (1 cement : 4 coarse sand), joints treated with white cement, mixed with matching pigment, epoxy touch ups, including rubbing, curing, moulding and polishing to edges to give high gloss finish etc. complete at all levels. Granite of any colour and shadeArea of slab over 0.50 sqm | M66: sqm | N66: 50.64 | O66: 4939.01 | P66: =O66+O66*$O$273 -> 4939.01 | Q66: =IF(P66=0, "Included",IF(ISERROR(ROUND(N66*P66,2)),P66, ROUND(N66*P66,2))) -> 250111.47 | R66: =O66*N66 -> 250111.47
A67: 35 | B67: 8.3.2 | H67: 995474 | I67: Confirmed | J67: 0.18 | K67: Confirmed | L67: Providing edge moulding to 18 mm thick marble stone counters, Vanities etc., including machine polishing to edge to give high gloss finish etc. complete as per design approved by Engineer-in-Charge. 8.3.2 Granite work | M67: Metre | N67: 204.34 | O67: 467.47 | P67: =O67+O67*$O$273 -> 467.47 | Q67: =IF(P67=0, "Included",IF(ISERROR(ROUND(N67*P67,2)),P67, ROUND(N67*P67,2))) -> 95522.82 | R67: =O67*N67 -> 95522.82
A68: 36 | B68: 8.4 | H68: 995474 | I68: Confirmed | J68: 0.18 | K68: Confirmed | L68: Extra for fixing marble /granite stone over and above corresponding basic item, in facia and drops of width upto 150 mm with epoxy resin based adhesive including cleaning etc.complete. | M68: 100sqm | N68: 57 | O68: 530.75 | P68: =O68+O68*$O$273 -> 530.75 | Q68: =IF(P68=0, "Included",IF(ISERROR(ROUND(N68*P68,2)),P68, ROUND(N68*P68,2))) -> 30252.75 | R68: =O68*N68 -> 30252.75
A69: 37 | B69: 8.9.1.2 | H69: 995474 | I69: Confirmed | J69: 0.18 | K69: Confirmed | L69: Stone tile (polished) work for wall lining over 12 mm thick bed of cement mortar 1:3 (1 cement : 3 coarse sand) and cement slurry @ 3.3 kg/sqm including pointing in white cement complete. 8.9.1 8mm thick 8.9.1.2 Granite of any colour and shade | M69: sqm | N69: 110.64 | O69: 3465.96 | P69: =O69+O69*$O$273 -> 3465.96 | Q69: =IF(P69=0, "Included",IF(ISERROR(ROUND(N69*P69,2)),P69, ROUND(N69*P69,2))) -> 383473.81 | R69: =O69*N69 -> 383473.81
A70: 38 | B70: 8.31 | H70: 995419 | I70: Confirmed | J70: 0.18 | K70: Confirmed | L70: 8.31 Providing and fixing Ist quality ceramic glazed wall tiles conforming to IS: 15622 (thickness to be specified by the manufacturer), of approved make, in all colours, shades except burgundy, bottle green, black of any size as approved by Engineer-in-Charge, in skirting, risers of steps and dados, over 12 mm thick bed of cement mortar 1:3 (1 cement : 3 coarse sand) and jointing with grey cement slurry @ 3.3kg per sqm, including pointing in white cement mixed with pigment of matching shade complete. | M70: sqm | N70: 593.66 | O70: 1186.89 | P70: =O70+O70*$O$273 -> 1186.89 | Q70: =IF(P70=0, "Included",IF(ISERROR(ROUND(N70*P70,2)),P70, ROUND(N70*P70,2))) -> 704609.12 | R70: =O70*N70 -> 704609.12
A71: 39 | B71: 9.7.7.2 | H71: 995476 | I71: Confirmed | J71: 0.18 | K71: Confirmed | L71: Float glass panes 9.7.7.2 5.0 mm thick glass panes (weight not less than 12.50 kg/sqm). | M71: sqm | N71: 512.9 | O71: 2490.18 | P71: =O71+O71*$O$273 -> 2490.18 | Q71: =IF(P71=0, "Included",IF(ISERROR(ROUND(N71*P71,2)),P71, ROUND(N71*P71,2))) -> 1277213.3 | R71: =O71*N71 -> 1277213.3
A72: 40 | B72: 9.12 | H72: 995476 | I72: Confirmed | J72: 0.18 | K72: Confirmed | L72: 9.12 Extra for providing frosted glass panes 4 mm thick (weight not less than 10 kg per sqm) instead of ordinary float glass panes 4 mm thick (weight not less than 10 kg per sqm) in doors, windows and clerestory window shutters. (Area of opening for glass panes excluding portion inside rebate shall be measured) | M72: sqm | N72: 31.65 | O72: 165.74 | P72: =O72+O72*$O$273 -> 165.74 | Q72: =IF(P72=0, "Included",IF(ISERROR(ROUND(N72*P72,2)),P72, ROUND(N72*P72,2))) -> 5245.67 | R72: =O72*N72 -> 5245.671
A73: 41 | B73: 9.45 | H73: 995476 | I73: Confirmed | J73: 0.18 | K73: Confirmed | L73: Providing and fixing teak wood lipping of size 25x3 mm in pelmet. | M73: Metre | N73: 199.9 | O73: 68.64 | P73: =O73+O73*$O$273 -> 68.64 | Q73: =IF(P73=0, "Included",IF(ISERROR(ROUND(N73*P73,2)),P73, ROUND(N73*P73,2))) -> 13721.14 | R73: =O73*N73 -> 13721.136
A74: 42 | B74: 9.47.1 | H74: 995476 | I74: Confirmed | J74: 0.18 | K74: Confirmed | L74: Providing and fixing nickel plated M.S. pipe curtain rods with nickel plated brackets : (Hanger rods) 20 mm dia (heavy type) -1 metre long | M74: Metre | N74: 126 | O74: 170.37 | P74: =O74+O74*$O$273 -> 170.37 | Q74: =IF(P74=0, "Included",IF(ISERROR(ROUND(N74*P74,2)),P74, ROUND(N74*P74,2))) -> 21466.62 | R74: =O74*N74 -> 21466.62
A75: 43 | B75: 9.48.2 | H75: 995476 | I75: Confirmed | J75: 0.18 | K75: Confirmed | L75: Providing and fixing M.S. grills of required pattern in frames of windows etc. with M.S. flats, square or round bars etc. including priming coat with approved steel primer all complete. 9.48.2 Fixed to openings /wooden frames with rawl plugs screws etc. | M75: kg | N75: 2538.3 | O75: 220.65 | P75: =O75+O75*$O$273 -> 220.65 | Q75: =IF(P75=0, "Included",IF(ISERROR(ROUND(N75*P75,2)),P75, ROUND(N75*P75,2))) -> 560075.9 | R75: =O75*N75 -> 560075.9
A76: 44 | B76: 9.55 | I76: Confirmed | J76: 0.18 | K76: Confirmed | L76: Providing and fixing ISI marked IS : 1341 M.S. pressed butt hinges bright finished with necessary screws etc. complete : | N76: 0 | O76: 0 | P76: =O76+O76*$O$273 -> 0 | Q76: =IF(P76=0, "Included",IF(ISERROR(ROUND(N76*P76,2)),P76, ROUND(N76*P76,2))) -> Included | R76: =O76*N76 -> 0
A77: 45 | H77: 995476 | I77: Confirmed | J77: 0.18 | K77: Confirmed | L77: 9.55.1 125x65x2.12 mm | M77: Nos | N77: 90 | O77: 53.57 | P77: =O77+O77*$O$273 -> 53.57 | Q77: =IF(P77=0, "Included",IF(ISERROR(ROUND(N77*P77,2)),P77, ROUND(N77*P77,2))) -> 4821.3 | R77: =O77*N77 -> 4821.3
A78: 46 | H78: 995476 | I78: Confirmed | J78: 0.18 | K78: Confirmed | L78: 9.55.3 75x47x1.70 mm | M78: Nos | N78: 50 | O78: 36.55 | P78: =O78+O78*$O$273 -> 36.55 | Q78: =IF(P78=0, "Included",IF(ISERROR(ROUND(N78*P78,2)),P78, ROUND(N78*P78,2))) -> 1827.5 | R78: =O78*N78 -> 1827.5
A79: 47 | B79: 9.61.1 | H79: 995476 | I79: Confirmed | J79: 0.18 | K79: Confirmed | L79: Providing M.S. Piano hinges ISI marked IS : 3818 finished with nickel plating and fixing with necessary screws etc., complete. Overall width 35 mm | M79: Metre | N79: 286.7 | O79: 315.79 | P79: =O79+O79*$O$273 -> 315.79 | Q79: =IF(P79=0, "Included",IF(ISERROR(ROUND(N79*P79,2)),P79, ROUND(N79*P79,2))) -> 90536.99 | R79: =O79*N79 -> 90536.993
A80: 48 | B80: 9.88 | H80: 995476 | I80: Confirmed | J80: 0.18 | K80: Confirmed | L80: Providing and fixing chromium plated brass 100 mm mortice latch and lock with 6 levers and a pair of lever handles of approved quality with necessary screws etc. complete. | M80: each | N80: 18 | O80: 912.39 | P80: =O80+O80*$O$273 -> 912.39 | Q80: =IF(P80=0, "Included",IF(ISERROR(ROUND(N80*P80,2)),P80, ROUND(N80*P80,2))) -> 16423.02 | R80: =O80*N80 -> 16423.02
A81: 49 | B81: 9.90.2 | H81: 995476 | I81: Confirmed | J81: 0.18 | K81: Confirmed | L81: Providing and fixing special quality chromium plated brass cupboard locks with six levers of approved quality including necessary screws etc. complete. Size 50 mm | M81: each | N81: 40 | O81: 319.53 | P81: =O81+O81*$O$273 -> 319.53 | Q81: =IF(P81=0, "Included",IF(ISERROR(ROUND(N81*P81,2)),P81, ROUND(N81*P81,2))) -> 12781.2 | R81: =O81*N81 -> 12781.2
A82: 50 | B82: 9.92.2 | H82: 995476 | I82: Confirmed | J82: 0.18 | K82: Confirmed | L82: Providing and fixing chromium plated brass handles with necessary screws etc. complete: 100 mm (4 Nos. handles per cupboard) | M82: each | N82: 144 | O82: 222.32 | P82: =O82+O82*$O$273 -> 222.32 | Q82: =IF(P82=0, "Included",IF(ISERROR(ROUND(N82*P82,2)),P82, ROUND(N82*P82,2))) -> 32014.08 | R82: =O82*N82 -> 32014.08
A83: 51 | B83: 9.96.1 | H83: 995476 | I83: Confirmed | J83: 0.18 | K83: Confirmed | L83: Providing and fixing aluminium sliding door bolts, ISI marked anodised (anodic coating not less than grade AC 10 as per IS : 1868), transparent or dyed to required colour or shade, with nuts and screws etc. complete : 300x16 mm | M83: each | N83: 134 | O83: 290.51 | P83: =O83+O83*$O$273 -> 290.51 | Q83: =IF(P83=0, "Included",IF(ISERROR(ROUND(N83*P83,2)),P83, ROUND(N83*P83,2))) -> 38928.34 | R83: =O83*N83 -> 38928.34
A84: 52 | B84: 9.97.2 | H84: 995476 | I84: Confirmed | J84: 0.18 | K84: Confirmed | L84: Providing and fixing aluminium tower bolts, ISI marked, anodised (anodic coating not less than grade AC 10 as per IS : 1868 ) transparent or dyed to required colour or shade, with necessary screws etc. complete : 250x10 mm | M84: each | N84: 169 | O84: 116.52 | P84: =O84+O84*$O$273 -> 116.52 | Q84: =IF(P84=0, "Included",IF(ISERROR(ROUND(N84*P84,2)),P84, ROUND(N84*P84,2))) -> 19691.88 | R84: =O84*N84 -> 19691.88
A85: 53 | B85: 9.97.4 | H85: 995476 | I85: Confirmed | J85: 0.18 | K85: Confirmed | L85: Providing and fixing aluminium tower bolts, ISI marked, anodised (anodic coating not less than grade AC 10 as per IS : 1868 ) transparent or dyed to required colour or shade, with necessary screws etc. complete :150x10 mm (Wire mesh door) | M85: each | N85: 90 | O85: 84.32 | P85: =O85+O85*$O$273 -> 84.32 | Q85: =IF(P85=0, "Included",IF(ISERROR(ROUND(N85*P85,2)),P85, ROUND(N85*P85,2))) -> 7588.8 | R85: =O85*N85 -> 7588.8
A86: 54 | B86: 9.97.5 | H86: 995476 | I86: Confirmed | J86: 0.18 | K86: Confirmed | L86: Providing and fixing aluminium tower bolts, ISI marked, anodised (anodic coating not less than grade AC 10 as per IS : 1868 ) transparent or dyed to required colour or shade, with necessary screws etc. complete : 100x10 mm (cupboard) | M86: each | N86: 136 | O86: 65.46 | P86: =O86+O86*$O$273 -> 65.46 | Q86: =IF(P86=0, "Included",IF(ISERROR(ROUND(N86*P86,2)),P86, ROUND(N86*P86,2))) -> 8902.56 | R86: =O86*N86 -> 8902.56
A87: 55 | B87: 9.100.1 | H87: 995476 | I87: Confirmed | J87: 0.18 | K87: Confirmed | L87: Providing and fixing aluminium handles, ISI marked, anodised (anodic coating not less than grade AC 10 as per IS : 1868) transparent or dyed to required colour or shade, with necessary screws etc. complete : 125 mm | M87: each | N87: 144 | O87: 67.02 | P87: =O87+O87*$O$273 -> 67.02 | Q87: =IF(P87=0, "Included",IF(ISERROR(ROUND(N87*P87,2)),P87, ROUND(N87*P87,2))) -> 9650.88 | R87: =O87*N87 -> 9650.88
A88: 56 | B88: 9.101.2 | H88: 995476 | I88: Confirmed | J88: 0.18 | K88: Confirmed | L88: Providing and fixing aluminium hanging floor door stopper, ISI marked, anodised (anodic coating not less than grade AC 10 as per IS : 1868)transparent or dyed to required colour and shade, with necessary screws etc. complete. Twin rubber stopper | M88: each | N88: 146 | O88: 69.48 | P88: =O88+O88*$O$273 -> 69.48 | Q88: =IF(P88=0, "Included",IF(ISERROR(ROUND(N88*P88,2)),P88, ROUND(N88*P88,2))) -> 10144.08 | R88: =O88*N88 -> 10144.08
A89: 57 | B89: 9.114.2 | H89: 995476 | I89: Confirmed | J89: 0.18 | K89: Confirmed | L89: Providing and fixing magnetic catcher of approved quality in cupboard / ward robe shutters, including fixing with necessary screws etc. complete. Double strip (horizontal type) (12 Nos. magnetic catcher per cupboard) | M89: each | N89: 379 | O89: 38.11 | P89: =O89+O89*$O$273 -> 38.11 | Q89: =IF(P89=0, "Included",IF(ISERROR(ROUND(N89*P89,2)),P89, ROUND(N89*P89,2))) -> 14443.69 | R89: =O89*N89 -> 14443.69
A90: 58 | B90: 9.127.2 | H90: 995476 | I90: Confirmed | J90: 0.18 | K90: Confirmed | L90: Providing & Fixing decorative high pressure laminated sheet of plain / wood grain in gloss / matt/ suede finish with high density protective surface layer and reverse side of adhesive bonding quality conforming to IS : 2046 Type S, including cost of adhesive of approved quality. 9.127.2 1.0 mm thick | M90: sqm | N90: 225 | O90: 852.68 | P90: =O90+O90*$O$273 -> 852.68 | Q90: =IF(P90=0, "Included",IF(ISERROR(ROUND(N90*P90,2)),P90, ROUND(N90*P90,2))) -> 191853 | R90: =O90*N90 -> 191853
A91: 59 | B91: 9.135.2 | H91: 995476 | I91: Confirmed | J91: 0.18 | K91: Confirmed | L91: Providing and fixing fly proof stainless steel grade 304 wire gauge, to windows and clerestory windows using wire gauge with average width of aperture 1.4 mm in both directions with wire of dia. 0.50 mm all complete. 9.135.2 With 12 mm mild steel U beading | M91: sqm | N91: 226.66 | O91: 1173.83 | P91: =O91+O91*$O$273 -> 1173.83 | Q91: =IF(P91=0, "Included",IF(ISERROR(ROUND(N91*P91,2)),P91, ROUND(N91*P91,2))) -> 266060.31 | R91: =O91*N91 -> 266060.31
A92: 60 | B92: 9.147B.1 | H92: 995478 | I92: Confirmed | J92: 0.18 | K92: Confirmed | L92: Providing and fixing factory made uPVC white colour fixed glazed windows/ ventilators comprising of uPVC multi-chambered frame and mullion(where ever required) extruded profiles duly reinforced with 1.60 ± 0.2 mm thick galvanized mild steel section made from roll forming process of required length (shape & size according to uPVC profile), , uPVC extruded glazing beads of appropriate dimension, EPDM gasket, G.I fasteners 100 x 8 mm size for fixing frame to finished wall, plastic packers, plastic caps and necessary stainless steel screws etc. Profile of frame shall be mitred cut and fusion welded at all corners, mullion (if required) shall be also fusion welded including drilling of holes for fixing hardware's and drainage of water etc.After fixing frame the gap between frame and adjacent finished wall shall be filled with weather proof silicon sealant over backer rod of required size and of approved quality, all complete as per approved drawing & direction of Engineer-in-Charge. (Single / double glass panes and silicon sealant shall be paid separately). Variation in profile dimension in higher side shall be accepted but no extra payment on this account shall be made. Note: For uPVC frame, sash and mullion extruded profiles minus 5% tolerance in dimension i.e. in depth & width of profile shall be acceptable 9.147B.1 Fixed window / ventilator made of (small series) frame 47 x 50 mm & mullion 47 x 68 mm both having wall thickness of 1.9 ± 0.2 mm and single glazing bead of appropriate dimension. (Area upto 0.75 sqm.) | M92: sqm | N92: 29.1 | O92: 8091.41 | P92: =O92+O92*$O$273 -> 8091.41 | Q92: =IF(P92=0, "Included",IF(ISERROR(ROUND(N92*P92,2)),P92, ROUND(N92*P92,2))) -> 235460.03 | R92: =O92*N92 -> 235460.03
... A94: 62 | B94: 9.147F.4 | H94: 995476 | I94: Confirmed | J94: 0.18 | K94: Confirmed | L94: Providing and fixing factory made uPVC white colour sliding glazed door comprising of uPVC multi-chambered frame with in-built roller track and sash extruded profiles duly reinforced with 1.60 ± 0.2 mm thick galvanized mild steel section made from roll forming process of required length (shape & size according to uPVC profile), ppropriate dimension uPVC extruded glazing beads, uPVC extruded interlock and uPVC extruded Inline sash adaptor (if required), EPDM gasket, wool pile, zinc alloy (white powder coated) handle with key on one side of extreme panels along with zinc plated mild steel multi point locking having transmission gear with keeps, zinc alloy (white powder coated) cresent lock (if required), stainless steel (SS 304 grade) body with adjustable double nylon rollers (weight bearing capacity to be 120 kg), G.I fasteners 100 x 8 mm size for fixing frame to finished wall and necessary stainless steel screws etc. Profile of frame & sash shall be mitred cut and fusion welded at all corners, including drilling of holes for fixing hardware's and drainage of water etc. After fixing frame the gap between frame and adjacent finished wall shall be filled with weather proof silicon sealent over backer rod of required size and of approved quality, all complete as per approved drawing & direction of Engineer-in-Charge. (Single / double glass panes, wire mesh and silicon sealent shall be paid separately). Variation in profile dimension in higher side shall be accepted but no extra payment on this account shall be made. Note: For uPVC frame and sash extruded profiles minus 5% tolerance in dimension i.e. in depth & width of profile shall be acceptable. 9.147F.4 Three track three panels sliding door with fly proof S.S wire mesh (Two nos. glazed & one no. wire mesh panels) made of (big series) frame 116 x 45 mm & sash 46 x 82 mm both having wall thickness of 2.3 ± 0.2 mm and single glazing bead / double glazing bead of appropriate dimension. (Area of door above 2.00 sqm upto 5.00 sqm) | M94: sqm | N94: 179.94 | O94: 9784.43 | P94: =O94+O94*$O$273 -> 9784.43 | Q94: =IF(P94=0, "Included",IF(ISERROR(ROUND(N94*P94,2)),P94, ROUND(N94*P94,2))) -> 1760610.3 | R94: =O94*N94 -> 1760610.3
A95: 63 | B95: 10.17 | H95: 995476 | I95: Confirmed | J95: 0.18 | K95: Confirmed | L95: 10.17 Providing and fixing M.S. fan clamp type I or II of 16 mm dia M.S. bar bent to shape with hooked ends in R.C.C. slabs, beams during laying including painting the exposed portion of loop, all as per standard design complete. | M95: each | N95: 72 | O95: 207.53 | P95: =O95+O95*$O$273 -> 207.53 | Q95: =IF(P95=0, "Included",IF(ISERROR(ROUND(N95*P95,2)),P95, ROUND(N95*P95,2))) -> 14942.16 | R95: =O95*N95 -> 14942.16
A96: 64 | B96: 10.25.2 | H96: 995476 | I96: Confirmed | J96: 0.18 | K96: Confirmed | L96: Steel work welded in built up sections/ framed work, including cutting, hoisting, fixing in position and applying a priming coat of approved steel primer using structural steel etc. as required. In gratings, frames, guard bar, ladder, railings, brackets, gates and similar works | M96: kg | N96: 9080.24 | O96: 158.82 | P96: =O96+O96*$O$273 -> 158.82 | Q96: =IF(P96=0, "Included",IF(ISERROR(ROUND(N96*P96,2)),P96, ROUND(N96*P96,2))) -> 1442123.7 | R96: =O96*N96 -> 1442123.7
A97: 65 | B97: 11.2 | H97: 995474 | I97: Confirmed | J97: 0.18 | K97: Confirmed | L97: 11.2 Dry brick on edge flooring in required pattern with bricks of class designation 7.5 on a bed of 12 mm mud mortar, including filling joints with local sand, with common burnt clay non modular bricks. | M97: sqm | N97: 591.32 | O97: 818.42 | P97: =O97+O97*$O$273 -> 818.42 | Q97: =IF(P97=0, "Included",IF(ISERROR(ROUND(N97*P97,2)),P97, ROUND(N97*P97,2))) -> 483948.11 | R97: =O97*N97 -> 483948.11
A98: 66 | B98: 11.3 | H98: 995474 | I98: Confirmed | J98: 0.18 | K98: Confirmed | L98: Cement concrete flooring 1:2:4 (1 cement : 2 coarse sand : 4 graded stone aggregate) finished with a floating coat of neat cement, including cement lurry, but excluding the cost of nosing of steps etc. complete. 11.3.1 40 mm thick with 20 mm nominal size stone aggregate | M98: sqm | N98: 591.32 | O98: 608.26 | P98: =O98+O98*$O$273 -> 608.26 | Q98: =IF(P98=0, "Included",IF(ISERROR(ROUND(N98*P98,2)),P98, ROUND(N98*P98,2))) -> 359676.3 | R98: =O98*N98 -> 359676.3
A99: 67 | B99: 11.2 | H99: 995474 | I99: Confirmed | J99: 0.18 | K99: Confirmed | L99: Chequerred precast cement concrete tiles 22 mm thick in footpath & courtyard, jointed with neat cement slurry mixed with pigment to match the shade of tiles, including rubbing and cleaning etc. complete, on 20 mm thick bed of cement mortar 1:4 (1 cement: 4 coarse sand). | N99: 0 | O99: 0 | P99: =O99+O99*$O$273 -> 0 | Q99: =IF(P99=0, "Included",IF(ISERROR(ROUND(N99*P99,2)),P99, ROUND(N99*P99,2))) -> Included | R99: =O99*N99 -> 0
A100: 68 | I100: Confirmed | J100: 0.18 | K100: Confirmed | L100: 11.20.3 Dark shade pigment using ordinary cement | M100: sqm | N100: 270 | O100: 1098.16 | P100: =O100+O100*$O$273 -> 1098.16 | Q100: =IF(P100=0, "Included",IF(ISERROR(ROUND(N100*P100,2)),P100, ROUND(N100*P100,2))) -> 296503.2 | R100: =O100*N100 -> 296503.2
A101: 69 | B101: 11.41A.2.2 | H101: 995421 | I101: Confirmed | J101: 0.18 | K101: Confirmed | L101: VITRIFIED FLOOR TILE Providing and laying Vitrified tiles in floor in different sizes (thickness to be specified by the manufacturer) with water absorption less than 0.08% and conforming to IS:15622, of approved brand & manufacturer, in all colours and shade, laid on 20 mm thick cement mortar 1:4 (1 cement: 4 coarse sand) jointing with grey cement slurry @3.3 kg/sqm including grouting the joints with white cement and matching pigments etc. The tiles must be cut with the zero chipping diamond cutter only. Laying of tiles will be done with the notch trowel, plier, wedge, clips of required thickness, leveling system and rubber mallet for placing the tiles gently and easily 11.41A.2 Glazed vitrified floor tiles polished finish of size 11.41A.2.2 Size of Tile 600 x 1200 mm | M101: sqm | N101: 1161.55 | O101: 1799.94 | P101: =O101+O101*$O$273 -> 1799.94 | Q101: =IF(P101=0, "Included",IF(ISERROR(ROUND(N101*P101,2)),P101, ROUND(N101*P101,2))) -> 2090720.3 | R101: =O101*N101 -> 2090720.3
A102: 70 | B102: 11.41A.3.1 | H102: 995421 | I102: Confirmed | J102: 0.18 | K102: Confirmed | L102: 11.41A.3 Glazed Vitrified tiles Matt/Antiskid finish of size 11.41A.3.1 Size of Tile 600 x 600 mm | M102: sqm | N102: 118.02 | O102: 1463.23 | P102: =O102+O102*$O$273 -> 1463.23 | Q102: =IF(P102=0, "Included",IF(ISERROR(ROUND(N102*P102,2)),P102, ROUND(N102*P102,2))) -> 172690.4 | R102: =O102*N102 -> 172690.4
A103: 71 | B103: 11.47 | H103: 995474 | I103: Confirmed | J103: 0.18 | K103: Confirmed | L103: Providing and laying Vitrified tiles in different sizes (thickness to be specified by the manufacturer), with water absorption less than 0.08% and conforming to IS: 15622, of approved brand & manufacturer, in all colours and shade, in skirting, riser of steps, laid with cement based high polymer modified quick set tile adhesive (water based) conforming to IS: 15477, in average 6 mm thickness, including grouting of joints (Payment for grouting of joints to be made separately) | N103: 0 | O103: 0 | P103: =O103+O103*$O$273 -> 0 | Q103: =IF(P103=0, "Included",IF(ISERROR(ROUND(N103*P103,2)),P103, ROUND(N103*P103,2))) -> Included | R103: =O103*N103 -> 0
A104: 72 | I104: Confirmed | J104: 0.18 | K104: Confirmed | L104: 11.47.2 Size of Tile 600x600 mm | M104: sqm | N104: 224.65 | O104: 1870.7 | P104: =O104+O104*$O$273 -> 1870.7 | Q104: =IF(P104=0, "Included",IF(ISERROR(ROUND(N104*P104,2)),P104, ROUND(N104*P104,2))) -> 420252.76 | R104: =O104*N104 -> 420252.76 | S104: =O104*N104 -> 420252.76
...

Sheet Sch-1(Disc)
A1: =Cover!B3 -> Specification No.: NESH/CSM/PRANIT/G1/1500-1316/Pkg-H/NIT | F1: Schedule - 1 | Q1: Direct Total | R1: =SUMIF(#REF!, "Direct",F20:F91) -> #REF! | W1: ='Names of Bidder'!D6 -> Sole Bidder | X1: `
Q2: BO Total | R2: =#REF!-R1 -> #REF! | W2: ='Names of Bidder'!AA6 -> 0
A3: =Cover!$B$2 -> PACKAGE-G :: Demolition & Re-construction of Residential buildings at Misa substations in NER under O&M Add Cap 2019-24.
A4: (SCHEDULE OF RATES AND PRICES)
A6: ="Bidder’s Name and Address (" & MID('Names of Bidder'!B9,9, 20) & ") :" -> Bidder’s Name and Address (Sole Bidder) : | E6: To:
A7: =IF('Names of Bidder'!D9="", "", IF('Names of Bidder'!D6= "JV (Joint Venture)", "JV of " & W8, "")) | E7: Contract Services
A8: Name : | B8: =IF('Names of Bidder'!D9=0, "", 'Names of Bidder'!D9) | E8: Power Grid Corporation of India Ltd., | W8: =IF('Names of Bidder'!D7=1,'Names of Bidder'!D9&" & "&'Names of Bidder'!D14,IF('Names of Bidder'!D7="2 or More",'Names of Bidder'!D9&" , "&'Names of Bidder'!D14&" & "&'Names of Bidder'!D19,"")) -> , &
A9: Address : | B9: =IF('Names of Bidder'!D10=0, "", 'Names of Bidder'!D10) | E9: "Saudamini", Plot No.-2
B10: =IF('Names of Bidder'!D11=0, "", 'Names of Bidder'!D11) | E10: Sector-29,
B11: =IF('Names of Bidder'!D12=0, "", 'Names of Bidder'!D12) | E11: Gurgaon (Haryana) - 122001
A13: Price Break-up for individual items | R13: Direct
E14: All Prices are in Indian Rupees. | R14: Bought-Out
A15: SI. No. | B15: Item Description | C15: Unit | D15: Qty. (for all locations) | E15: Unit Rate | F15: Total Price | I15: =Discount!N15 -> #REF!
A16: 1 | B16: 2 | C16: 3 | D16: 4 | E16: 5 | F16: 6 = 4 x 5
A19: 1 | B19: ='Sch-1(A)'!B19 -> Dismantling 20 Nos B-type buildings at 400kV Misa Substation | C19: Nos. | D19: ='Sch-1(A)'!N19 -> 0
A20: 1.1 | B20: ='Sch-1(A)'!#REF! -> #REF!
A21: a) | B21: ='Sch-1(A)'!L33 -> Earth work in excavation by mechanical means (Hydraulic excavator)/ manual means over areas (exceeding 30 cm in depth, 1.5 m in width as well as 10 sqm on plan) including getting out and disposal of excavated earth lead upto 50 m and lift upto 1.5 m, as directed by Engineer-incharge. All kinds of soil. | C21: Meter | D21: ='Sch-1(A)'!N33 -> 3491.14 | E21: ='Sch-1(A)'!V33 -> 0 | F21: =IF(E21=0, "Included",IF(ISERROR(D21*E21), E21, D21*E21)) -> Included | I21: =E21*(1-$N$15) -> 0
I22: =E22*(1-$N$15) -> 0
A23: 1.2 | B23: ='Sch-1(A)'!L104 -> 11.47.2 Size of Tile 600x600 mm | C23: Meter | D23: ='Sch-1(A)'!N104 -> 224.65 | E23: ='Sch-1(A)'!V104 -> 0 | F23: =IF(E23=0, "Included",IF(ISERROR(D23*E23), E23, D23*E23)) -> Included | I23: =E23*(1-$N$15) -> 0
I24: =E24*(1-$N$15) -> 0
A25: 1.3 | B25: ='Sch-1(A)'!L115 -> 12.44 Providing and fixing to the inlet mouth of rain water pipe cast iron grating 15 cm diameter and weighing not less than 440 grams. | C25: Cu.M | D25: ='Sch-1(A)'!N115 -> 22 | E25: ='Sch-1(A)'!V115 -> 0 | F25: =IF(E25=0, "Included",IF(ISERROR(D25*E25), E25, D25*E25)) -> Included | I25: =E25*(1-$N$15) -> 0
I26: =E26*(1-$N$15) -> 0
A27: 1.4 | B27: ='Sch-1(A)'!L116 -> 12.50 Providing and fixing precoated galvanised iron profile sheets (size, shape and pitch of corrugation as approved by Engineer-in-charge) 0.50 mm (+ 0.05 %) total coated thickness with zinc coating 120 grams per sqm as per IS: 277, in 240 mpa steel grade, 5-7 microns epoxy primer on both side of the sheet and polyester top coat 15-18 microns. Sheet should have protective guard film of 25 microns minimum to avoid scratches during transportation and should be supplied in single length upto 12 metre or as desired by Engineerin-charge. The sheet shall be fixed using self drilling /self tapping screws of size (5.5x 55 mm) with EPDM seal, complete upto any pitch in horizontal/ vertical or curved surfaces, excluding the cost of purlins, rafters and trusses and including cutting to size and shape wherever required. | C27: Cu.M | D27: ='Sch-1(A)'!N116 -> 320 | E27: ='Sch-1(A)'!V116 -> 0 | F27: =IF(E27=0, "Included",IF(ISERROR(D27*E27), E27, D27*E27)) -> Included | I27: =E27*(1-$N$15) -> 0
I28: =E28*(1-$N$15) -> 0
A29: 1.5 | B29: ='Sch-1(A)'!L117 -> 12.55 Providing and fixing Heat Resistant Terrace Tiles (300 mm x 300 mm x 20 mm) with SRI (solar refractive index) > 78, solar reflection > 0.70 and initial emittance > 0.75 on waterproof and sloped surface of terrace, laid on 20 mm thick cement sand mortar in the ratio of 1:4 (1 cement : 4 coarse sand) and grouting the joints with mix of white cement & marble powder in ratio of 1:1, including rubbing and polishing of the surface upto 3 cuts complete, including providing skirting upto 150 mm height along the parapet walls in the same manner. | C29: Sq.M. | D29: ='Sch-1(A)'!N117 -> 1312.8 | E29: ='Sch-1(A)'!V117 -> 0 | F29: =IF(E29=0, "Included",IF(ISERROR(D29*E29), E29, D29*E29)) -> Included | I29: =E29*(1-$N$15) -> 0
I30: =E30*(1-$N$15) -> 0
A31: 1.6 | B31: ='Sch-1(A)'!L118 -> 12 mm cement plaster of mix : 1:4 (1 cement: 4 coarse sand) | C31: MT | D31: ='Sch-1(A)'!N118 -> 2517.48 | E31: ='Sch-1(A)'!V118 -> 0 | F31: =IF(E31=0, "Included",IF(ISERROR(D31*E31), E31, D31*E31)) -> Included | I31: =E31*(1-$N$15) -> 0
I32: =E32*(1-$N$15) -> 0
A33: 1.7 | B33: ='Sch-1(A)'!L119 -> 15 mm cement plaster on rough side of single or half brick wall of mix:1:4 (1 cement: 4 coarse sand) | C33: Cu.M. | D33: ='Sch-1(A)'!N119 -> 2729.84 | E33: ='Sch-1(A)'!V119 -> 0 | F33: =IF(E33=0, "Included",IF(ISERROR(D33*E33), E33, D33*E33)) -> Included | I33: =E33*(1-$N$15) -> 0
I34: =E34*(1-$N$15) -> 0
A35: 1.8 | B35: ='Sch-1(A)'!L120 -> 18 mm cement plaster in two coats under layer 12 mm thick cement plaster 1:5 finished with a top layer 6mm thick cement plaster 1:6. | C35: Cu.M. | D35: ='Sch-1(A)'!N120 -> 1950 | E35: ='Sch-1(A)'!V120 -> 0 | F35: =IF(E35=0, "Included",IF(ISERROR(D35*E35), E35, D35*E35)) -> Included | I35: =E35*(1-$N$15) -> 0
I36: =E36*(1-$N$15) -> 0
A37: 1.9 | B37: ='Sch-1(A)'!L121 -> 13.16 6 mm cement plaster of mix : 13.16.1 1:3 (1 cement : 3 fine sand) | C37: Nos. | D37: ='Sch-1(A)'!N121 -> 900 | E37: ='Sch-1(A)'!V121 -> 0 | F37: =IF(E37=0, "Included",IF(ISERROR(D37*E37), E37, D37*E37)) -> Included | I37: =E37*(1-$N$15) -> 0
I38: =E38*(1-$N$15) -> 0
A39: 1.1 | B39: ='Sch-1(A)'!L122 -> Neat cement punning. | C39: MT | D39: ='Sch-1(A)'!N122 -> 320 | E39: ='Sch-1(A)'!V122 -> 0 | F39: =IF(E39=0, "Included",IF(ISERROR(D39*E39), E39, D39*E39)) -> Included | I39: =E39*(1-$N$15) -> 0
I40: =E40*(1-$N$15) -> 0
A41: 1.11 | B41: ='Sch-1(A)'!#REF! -> #REF! | C41: No. | D41: ='Sch-1(A)'!#REF! -> #REF! | E41: ='Sch-1(A)'!#REF! -> #REF! | F41: =IF(E41=0, "Included",IF(ISERROR(D41*E41), E41, D41*E41)) -> #REF! | I41: =E41*(1-$N$15) -> #REF!
I42: =E42*(1-$N$15) -> 0
I43: =E43*(1-$N$15) -> 0
A44: 2 | B44: ='Sch-1(A)'!#REF! -> #REF! | C44: Nos. | D44: ='Sch-1(A)'!#REF! -> #REF! | E44: ='Sch-1(A)'!#REF! -> #REF! | I44: =E44*(1-$N$15) -> #REF!
A45: 2.1 | B45: ='Sch-1(A)'!#REF! -> #REF! | I45: =E45*(1-$N$15) -> 0
A46: a) | B46: ='Sch-1(A)'!#REF! -> #REF! | C46: Meter | D46: ='Sch-1(A)'!#REF! -> #REF! | E46: ='Sch-1(A)'!#REF! -> #REF! | F46: =IF(E46=0, "Included",IF(ISERROR(D46*E46), E46, D46*E46)) -> #REF! | I46: =E46*(1-$N$15) -> #REF!
I47: =E47*(1-$N$15) -> 0
A48: 2.2 | B48: ='Sch-1(A)'!#REF! -> #REF! | C48: Meter | D48: ='Sch-1(A)'!#REF! -> #REF! | E48: ='Sch-1(A)'!#REF! -> #REF! | F48: =IF(E48=0, "Included",IF(ISERROR(D48*E48), E48, D48*E48)) -> #REF! | I48: =E48*(1-$N$15) -> #REF!
I49: =E49*(1-$N$15) -> 0
A50: 2.3 | B50: ='Sch-1(A)'!#REF! -> #REF! | C50: Cu.M | D50: ='Sch-1(A)'!#REF! -> #REF! | E50: ='Sch-1(A)'!#REF! -> #REF! | F50: =IF(E50=0, "Included",IF(ISERROR(D50*E50), E50, D50*E50)) -> #REF! | I50: =E50*(1-$N$15) -> #REF!
I51: =E51*(1-$N$15) -> 0
A52: 2.4 | B52: ='Sch-1(A)'!#REF! -> #REF! | C52: Cu.M | D52: ='Sch-1(A)'!#REF! -> #REF! | E52: ='Sch-1(A)'!#REF! -> #REF! | F52: =IF(E52=0, "Included",IF(ISERROR(D52*E52), E52, D52*E52)) -> #REF! | I52: =E52*(1-$N$15) -> #REF!
I53: =E53*(1-$N$15) -> 0
A54: 2.5 | B54: ='Sch-1(A)'!#REF! -> #REF! | C54: Sq.M. | D54: ='Sch-1(A)'!#REF! -> #REF! | E54: ='Sch-1(A)'!#REF! -> #REF! | F54: =IF(E54=0, "Included",IF(ISERROR(D54*E54), E54, D54*E54)) -> #REF! | I54: =E54*(1-$N$15) -> #REF!
I55: =E55*(1-$N$15) -> 0
A56: 2.6 | B56: ='Sch-1(A)'!#REF! -> #REF! | C56: MT | D56: ='Sch-1(A)'!#REF! -> #REF! | E56: ='Sch-1(A)'!#REF! -> #REF! | F56: =IF(E56=0, "Included",IF(ISERROR(D56*E56), E56, D56*E56)) -> #REF! | I56: =E56*(1-$N$15) -> #REF!
I57: =E57*(1-$N$15) -> 0
A58: 2.7 | B58: ='Sch-1(A)'!#REF! -> #REF! | C58: Cu.M. | D58: ='Sch-1(A)'!#REF! -> #REF! | E58: ='Sch-1(A)'!#REF! -> #REF! | F58: =IF(E58=0, "Included",IF(ISERROR(D58*E58), E58, D58*E58)) -> #REF! | I58: =E58*(1-$N$15) -> #REF!
I59: =E59*(1-$N$15) -> 0
A60: 2.8 | B60: ='Sch-1(A)'!#REF! -> #REF! | C60: Cu.M. | D60: ='Sch-1(A)'!#REF! -> #REF! | E60: ='Sch-1(A)'!#REF! -> #REF! | F60: =IF(E60=0, "Included",IF(ISERROR(D60*E60), E60, D60*E60)) -> #REF! | I60: =E60*(1-$N$15) -> #REF!
I61: =E61*(1-$N$15) -> 0
A62: 2.9 | B62: ='Sch-1(A)'!#REF! -> #REF! | C62: Nos. | D62: ='Sch-1(A)'!#REF! -> #REF! | E62: ='Sch-1(A)'!#REF! -> #REF! | F62: =IF(E62=0, "Included",IF(ISERROR(D62*E62), E62, D62*E62)) -> #REF! | I62: =E62*(1-$N$15) -> #REF!
I63: =E63*(1-$N$15) -> 0
A64: 2.1 | B64: ='Sch-1(A)'!#REF! -> #REF! | C64: MT | D64: ='Sch-1(A)'!#REF! -> #REF! | E64: ='Sch-1(A)'!#REF! -> #REF! | F64: =IF(E64=0, "Included",IF(ISERROR(D64*E64), E64, D64*E64)) -> #REF! | I64: =E64*(1-$N$15) -> #REF!
I65: =E65*(1-$N$15) -> 0
A66: 2.11 | B66: ='Sch-1(A)'!#REF! -> #REF! | C66: No. | D66: ='Sch-1(A)'!#REF! -> #REF! | E66: ='Sch-1(A)'!#REF! -> #REF! | F66: =IF(E66=0, "Included",IF(ISERROR(D66*E66), E66, D66*E66)) -> #REF! | I66: =E66*(1-$N$15) -> #REF!
I67: =E67*(1-$N$15) -> 0
I68: =E68*(1-$N$15) -> 0
I69: =E69*(1-$N$15) -> 0
I70: =E70*(1-$N$15) -> 0
I71: =E71*(1-$N$15) -> 0
I72: =E72*(1-$N$15) -> 0
I73: =E73*(1-$N$15) -> 0
I74: =E74*(1-$N$15) -> 0
I75: =E75*(1-$N$15) -> 0
I76: =E76*(1-$N$15) -> 0
I77: =E77*(1-$N$15) -> 0
I78: =E78*(1-$N$15) -> 0
... I91: =E91*(1-$N$15) -> 0
B93: Total Price | F93: =SUM(F19:F67) -> #REF!
A96: Date : | B96: ='Names of Bidder'!D27&"-"& 'Names of Bidder'!E27&"-" &'Names of Bidder'!F27 -> --
A97: Place : | B97: =IF('Names of Bidder'!D28=0, "", 'Names of Bidder'!D28) | D97: Printed Name : | E97: =IF('Names of Bidder'!D24=0, "", 'Names of Bidder'!D24)
D98: Designation : | E98: =IF('Names of Bidder'!D25=0, "", 'Names of Bidder'!D25)

Sheet Sch-1(B)
A1: =Cover!B3 -> Specification No.: NESH/CSM/PRANIT/G1/1500-1316/Pkg-H/NIT | P1: Schedule - 1(B) | AC1: Direct Total | AD1: =SUMIF(#REF!, "Direct",P20:P41) -> #REF! | AI1: ='Names of Bidder'!D6 -> Sole Bidder | AJ1: `
AC2: BO Total | AD2: =#REF!-AD1 -> #REF! | AI2: ='Names of Bidder'!AA6 -> 0
A3: =Cover!$B$2 -> PACKAGE-G :: Demolition & Re-construction of Residential buildings at Misa substations in NER under O&M Add Cap 2019-24.
A4: (NON-SCHEDULE OF RATES AND PRICES)
A6: ="Bidder’s Name and Address (" & MID('Names of Bidder'!B9,9, 20) & ") :" -> Bidder’s Name and Address (Sole Bidder) : | O6: To:
A7: =IF('Names of Bidder'!D9="", "", IF('Names of Bidder'!D6= "JV (Joint Venture)", "JV of " & AI8, "")) | O7: Contracts and Material
A8: Name : | F8: =IF('Names of Bidder'!D9=0, "", 'Names of Bidder'!D9) | O8: Power Grid Corporation of India Ltd., | AI8: =IF('Names of Bidder'!D7=1,'Names of Bidder'!D9&" & "&'Names of Bidder'!D14,IF('Names of Bidder'!D7="2 or More",'Names of Bidder'!D9&" , "&'Names of Bidder'!D14&" & "&'Names of Bidder'!D19,"")) -> , &
A9: Address : | F9: =IF('Names of Bidder'!D10=0, "", 'Names of Bidder'!D10) | O9: North Eastern Region Transmission System
F10: =IF('Names of Bidder'!D11=0, "", 'Names of Bidder'!D11) | O10: Dongtieh, Lower Nongrah,
F11: =IF('Names of Bidder'!D12=0, "", 'Names of Bidder'!D12) | O11: Lapalang, Shillong – 793 006 (Meghalaya)
A13: PRICE COMPONENTS (PRICE BREAK-UP) | AD13: Direct
AD14: Bought-Out
T15: =Discount!N15 -> #REF!
N16: All Prices are in Indian Rupees.
A17: SI. No. | B17: DSR Item Ref | C17: PR Line Item No | D17: Activity Header | E17: PR Activity No | F17: Activity Description | H17: SAC (Service Accounting Codes) | I17: Whether SAC in column '8’ is confirmed. If not indicate applicable the SAC # | J17: Rate of GST applicable ( in %) | K17: Whether rate of GST in column ‘ 10 ’ is confirmed. If not indicate applicable rate of GST # | L17: Description | M17: Unit | N17: Qty | O17: Unit Rate | P17: Total Price
A18: 1 | B18: 2 | C18: 3 | D18: 4 | E18: 5 | F18: 6 | G18: 7 | H18: 8 | I18: 9 | J18: 10 | K18: 11 | L18: 12 | M18: 13 | N18: 14 | O18: 15 | P18: 16 = 14 x 15
A19: PART-B:Construction of 01Nos. B1 (4 units) Type building, 02 Nos B-2 (8 units) Type building, 01 Nos B3 (4 units) Type Building, 01 C (2 units) type building and dismantling of existing building at 220 kV Dimapur Sub-station under ADD CAP 2019-24.
A20: 1 | B20: NS | H20: 995454 | I20: Confirmed | J20: 0.18 | K20: Confirmed | L20: Construction of drains 300mm wide with 300mm depth by providing base PCC 1:4:8 and full brick wall of mortar 1:6 and plastering with a coat of neat cement of mortar 1:4 (1 cement:4 fine sand) all complete including back filling. | M20: Mtr | N20: 200 | P20: =IF(O20=0, "Included",IF(ISERROR(N20*O20), O20, N20*O20)) -> Included
A21: 2 | B21: NS | H21: 995462 | I21: Confirmed | J21: 0.18 | K21: Confirmed | L21: Supplying, installing, testing and commissioning approved make 15mm CP health faucet with CP flexible tube 1.2 m long and wall hook (Jaquar or equvalent), CP crutch, nozzle & 2 way Bib Cock (Jaquar or equivalent) with wall flange etc.,complete. The water flow rate is 6 ltrs/Min | M21: each | N21: 36 | P21: =IF(O21=0, "Included",IF(ISERROR(N21*O21), O21, N21*O21)) -> Included
A22: 3 | B22: NS | H22: 995421 | I22: Confirmed | J22: 0.18 | K22: Confirmed | L22: Providing and fixing Braided hose with Two 15mm Nuts & Rubber washers with both side Nipple of Jaquar or equivalent make -450 mm length. | M22: each | N22: 28 | P22: =IF(O22=0, "Included",IF(ISERROR(N22*O22), O22, N22*O22)) -> Included
A23: 4 | B23: NS | H23: 995411 | I23: Confirmed | J23: 0.18 | K23: Confirmed | L23: Supply and fixing of SS Shield coupler 50mmx 40mm dia | M23: each | N23: 30 | P23: =IF(O23=0, "Included",IF(ISERROR(N23*O23), O23, N23*O23)) -> Included
A24: 5 | B24: NS | H24: 995411 | I24: Confirmed | J24: 0.18 | K24: Confirmed | L24: Providing and Fixing Stainless steel 304 grade bracket with necessary screws | M24: Kg | N24: 37.5 | P24: =IF(O24=0, "Included",IF(ISERROR(N24*O24), O24, N24*O24)) -> Included
A25: 6 | B25: NS | H25: 995476 | I25: Confirmed | J25: 0.18 | K25: Confirmed | L25: Providing brass cupboard locks with six levers of approved quality including necessary screws etc. complete. Size 40mm (in cupboards) | M25: each | N25: 54 | P25: =IF(O25=0, "Included",IF(ISERROR(N25*O25), O25, N25*O25)) -> Included
A26: 7 | B26: NS | H26: 995411 | I26: Confirmed | J26: 0.18 | K26: Confirmed | L26: Supply and fixing of SS Handles 100mm | M26: Nos | N26: 54 | P26: =IF(O26=0, "Included",IF(ISERROR(N26*O26), O26, N26*O26)) -> Included
A27: 8 | B27: NS | H27: 995411 | I27: Confirmed | J27: 0.18 | K27: Confirmed | L27: Supply and fixing of SS Handles 125mm | M27: Nos | N27: 54 | P27: =IF(O27=0, "Included",IF(ISERROR(N27*O27), O27, N27*O27)) -> Included
A28: 9 | B28: NS | H28: 995424 | I28: Confirmed | J28: 0.18 | K28: Confirmed | L28: Supply and appication of Silicon Sealent around UPVC windows and doors of quarters. | M28: Mtr | N28: 500 | P28: =IF(O28=0, "Included",IF(ISERROR(N28*O28), O28, N28*O28)) -> Included
A29: 10 | B29: NS | H29: 995461 | I29: Confirmed | J29: 0.18 | K29: Confirmed | L29: Providing and Fixing CPVC ball valves 20 mm | M29: each | N29: 16 | P29: =IF(O29=0, "Included",IF(ISERROR(N29*O29), O29, N29*O29)) -> Included
A30: 11 | B30: NS | H30: 995411 | I30: Confirmed | J30: 0.18 | K30: Confirmed | L30: Providing and fixing High Grade AISI 304 Stainless Steel Ball Bearing Drawer Slides Soft Closing channels 500mm long with necessary Stainless Steel screws etc. complete as per directions of Engineer in-charge.Make, Kich or equivqlent | M30: Pair | N30: 64 | P30: =IF(O30=0, "Included",IF(ISERROR(N30*O30), O30, N30*O30)) -> Included
A31: 12 | B31: NS | H31: 995411 | I31: Confirmed | J31: 0.18 | K31: Confirmed | L31: Providing and fixing Cabinet & Drawer Handle(304 Grade)with necessary SS screws of Kich Make or equivalent. complete as per direction of Engineer in charge Tubular shape 10mm x 224mm of approved make. | M31: each | N31: 54 | P31: =IF(O31=0, "Included",IF(ISERROR(N31*O31), O31, N31*O31)) -> Included
... A41: 22 | B41: NS | H41: 995476 | I41: Confirmed | J41: 0.18 | K41: Confirmed | L41: Supply and installation of kitchen chimney Signia 60 cm autoclean function and a chimney with 60 cm autoclean technology with 1200 suction capacity of Kutchina or equivalent all complete as per instruction of EIC. | M41: each | N41: 18 | P41: =IF(O41=0, "Included",IF(ISERROR(N41*O41), O41, N41*O41)) -> Included
L42: Sub-Total | P42: =SUBTOTAL(9,P20:P41) -> 0 | Q42: =O42*N42 -> 0 | R42: =IF(K42="", J42*Q42/100,K42*Q42/100) -> 0 | T42: =O42*(1-$T$15) -> #REF! | U42: =T42*N42 -> #REF! | V42: =IF(K42="", J42*U42/100,K42*U42/100) -> #REF!
A43: PART-C ELECTRICAL ITEMS
L44: SUB HEAD -I: WIRING
A45: 1 | B45: NS | H45: 85176260 | I45: Confirmed | J45: 0.18 | K45: Confirmed | L45: Fabrication, supply, erection and commissioning of distribution panel duly painted with apprved shade (approx. dimensions: 1500 mm wide x 2.10 mm ht x 300 mm deep) fabricated out of 2 mm thick CRCA sheet with cover, hinges on one side, locking arrangement on the other side with following MCBs energy meters etc alongwith 0-500 voltmeter(96x96 mm), indicating lamps, toggle swith, slide lock fuse etc including interconnections as required. (1) Incoming 100 A - 4 pole RCCB with 300 mA current sensitivity - 1 no (2) DP 32 A MCB - 7 nos (3) 10-40 A, 1 - ph static Energy Meter - 5 nos (4) 4 strips 100 A tinned Copper Bus bar(50mm x 5mm x 500 mm) - I Set | M45: Each | N45: 9 | P45: =IF(O45=0, "Included",IF(ISERROR(N45*O45), O45, N45*O45)) -> Included
L46: POWER CABLES
A47: 2 | B47: NS | H47: 998736 | I47: Confirmed | J47: 0.18 | K47: Confirmed | L47: Providing and laying 1.1kV Grade PVC insulated Power Cable 3½ X 35 sq. mm | M47: MTR | N47: 1500 | P47: =IF(O47=0, "Included",IF(ISERROR(N47*O47), O47, N47*O47)) -> Included
A48: 3 | B48: NS | H48: 998739 | I48: Confirmed | J48: 0.18 | K48: Confirmed | L48: Providing and laying 1.1kV Grade PVC insulated Power Cable 3½ X 50 sq. mm | M48: MTR | N48: 1250 | P48: =IF(O48=0, "Included",IF(ISERROR(N48*O48), O48, N48*O48)) -> Included
L49: HEAD -2: Supply
A50: 4 | B50: NS | H50: 84145120 | I50: Confirmed | J50: 0.18 | K50: Confirmed | L50: Ceiling Fan (1200 mm sweep) of reputed brand. | M50: Nos | N50: 96 | P50: =IF(O50=0, "Included",IF(ISERROR(N50*O50), O50, N50*O50)) -> Included
A51: 5 | B51: NS | H51: 84145930 | I51: Confirmed | J51: 0.18 | K51: Confirmed | L51: Exhaust fan (450 mm sweep for kitchen) of reputed brand. | M51: Nos | N51: 20 | P51: =IF(O51=0, "Included",IF(ISERROR(N51*O51), O51, N51*O51)) -> Included
A52: 6 | B52: NS | H52: 84145190 | I52: Confirmed | J52: 0.18 | K52: Confirmed | L52: Exhaust Fans 250 mm sweep for toilet (with louver having bird screen of approved brand. | M52: Nos | N52: 40 | P52: =IF(O52=0, "Included",IF(ISERROR(N52*O52), O52, N52*O52)) -> Included
A53: 7 | B53: NS | H53: 94054090 | I53: Confirmed | J53: 0.18 | K53: Confirmed | L53: 18 W LED Tube Light of reputed brand. | M53: Nos | N53: 121 | P53: =IF(O53=0, "Included",IF(ISERROR(N53*O53), O53, N53*O53)) -> Included
A54: 8 | B54: NS | H54: 94054090 | I54: Confirmed | J54: 0.18 | K54: Confirmed | L54: 14W Bracket Light, Decorative, wall mounting of reputed brand. | M54: Nos | N54: 132 | P54: =IF(O54=0, "Included",IF(ISERROR(N54*O54), O54, N54*O54)) -> Included
A55: 9 | B55: NS | H55: 94051090 | I55: Confirmed | J55: 0.18 | K55: Confirmed | L55: 9W Spot light/ Down light of reputed brand. | M55: Nos | N55: 180 | P55: =IF(O55=0, "Included",IF(ISERROR(N55*O55), O55, N55*O55)) -> Included
A56: 10 | B56: NS | H56: 94054090 | I56: Confirmed | J56: 0.18 | K56: Confirmed | L56: 10W Bulk Head Light of reputed brand. | M56: Nos | N56: 26 | P56: =IF(O56=0, "Included",IF(ISERROR(N56*O56), O56, N56*O56)) -> Included
A57: 11 | B57: NS | H57: 85049090 | I57: Confirmed | J57: 0.18 | K57: Confirmed | L57: Modular Indicator for switchboard | M57: Nos | N57: 110 | P57: =IF(O57=0, "Included",IF(ISERROR(N57*O57), O57, N57*O57)) -> Included
A58: 12 | B58: NS | H58: 85311090 | I58: Confirmed | J58: 0.18 | K58: Confirmed | L58: Door Bell of reputed brand. | M58: Nos | N58: 20 | P58: =IF(O58=0, "Included",IF(ISERROR(N58*O58), O58, N58*O58)) -> Included
A59: 13 | B59: NS | H59: 85176990 | I59: Confirmed | J59: 0.18 | K59: Confirmed | L59: Krone type Distribution Board 20 pair of reputed brand. | M59: Nos | N59: 9 | P59: =IF(O59=0, "Included",IF(ISERROR(N59*O59), O59, N59*O59)) -> Included
L60: Sub-Total | P60: =SUBTOTAL(9,P45:P59) -> 0
L61: Total Price | O61: INR | P61: =P60+P42 -> 0 | R61: =SUM(R20:R60) -> 0 | T61: =P61*(1-$T$15) -> #REF! | V61: =SUM(V20:V60) -> #REF!
B63: # In case the bidder leaves the cell for confirmation of the SAC and/or GST rate “blank”, the SAC and corresponding GST rate indicated by the Employer shall be deemed to be the one confirmed by the Bidder.
A65: Date : | D65: ='Names of Bidder'!D27&"-"& 'Names of Bidder'!E27&"-" &'Names of Bidder'!F27 -> --
A66: Place : | D66: =IF('Names of Bidder'!D28=0, "", 'Names of Bidder'!D28) | N66: Printed Name : | O66: =IF('Names of Bidder'!D24=0, "", 'Names of Bidder'!D24)
N67: Designation : | O67: =IF('Names of Bidder'!D25=0, "", 'Names of Bidder'!D25)

Sheet Sch-2
A1: =Cover!B3 -> Specification No.: NESH/CSM/PRANIT/G1/1500-1316/Pkg-H/NIT | E1: Schedule - 2
A3: =Cover!$B$2 -> PACKAGE-G :: Demolition & Re-construction of Residential buildings at Misa substations in NER under O&M Add Cap 2019-24.
A4: (SUMMARY OF TAXES & DUTIES)
A6: ='Sch-1(A)'!A6 -> Bidder’s Name and Address (Sole Bidder) : | D6: To:
A7: ='Sch-1(A)'!A7 | D7: ='Sch-1(A)'!O7 -> Contracts and Material
A8: Name : | B8: =IF('Sch-1(A)'!F8=0, "", 'Sch-1(A)'!F8) | D8: ='Sch-1(A)'!O8 -> Power Grid Corporation of India Ltd.,
A9: Address : | B9: =IF('Sch-1(A)'!F9=0, "", 'Sch-1(A)'!F9) | D9: ='Sch-1(A)'!O9 -> North Eastern Region Transmission System
B10: =IF('Sch-1(A)'!F10=0, "", 'Sch-1(A)'!F10) | D10: ='Sch-1(A)'!O10 -> Dongtieh, Lower Nongrah,
B11: =IF('Sch-1(A)'!F11=0, "", 'Sch-1(A)'!F11) | D11: ='Sch-1(A)'!O11 -> Lapalang, Shillong – 793 006 (Meghalaya)
A13: Sl. No. | B13: Item Nos. | D13: Total Price (INR) | I13: After Discount | M13: After MPDiscount
A14: 1 | B14: TOTAL GST ON SERVICES | I14: Excise Duty | K14: =ROUND('Sch-1(A)'!AF3*#REF!,0) -> #REF! | M14: Excise Duty | O14: =ROUND('Sch-1(A)'!AF5*#REF!,0) -> #REF!
B15: Total GST on Services (indentified in Schedule-1) which are not included in the prices as per the provision of the Bidding Documents, as applicable
B16: GRAND TOTAL
A18: Date : | B18: =IF('Sch-1(A)'!D279=0,"", 'Sch-1(A)'!D279) -> -- | C18: Printed Name : | D18: =IF('Sch-1(A)'!O280=0,"",'Sch-1(A)'!O280)
A19: Place : | B19: =IF('Sch-1(A)'!D280=0,"", 'Sch-1(A)'!D280) | C19: Designation : | D19: =IF('Sch-1(A)'!O281=0,"",'Sch-1(A)'!O281)

Sheet Sch-5 Dis
A1: =Cover!B3 -> Specification No.: NESH/CSM/PRANIT/G1/1500-1316/Pkg-H/NIT | E1: Schedule - 5
A3: =Cover!$B$2 -> PACKAGE-G :: Demolition & Re-construction of Residential buildings at Misa substations in NER under O&M Add Cap 2019-24.
A4: SUMMARY OF TAXES & DUTIES APPLICABLE ON GOODS
A6: ='Sch-1(A)'!A6 -> Bidder’s Name and Address (Sole Bidder) : | D6: To:
A7: ='Sch-1(A)'!A7 | D7: ='Sch-1(A)'!O7 -> Contracts and Material
A8: Name : | B8: =IF('Sch-1(A)'!F8=0, "", 'Sch-1(A)'!F8) | D8: ='Sch-1(A)'!O8 -> Power Grid Corporation of India Ltd.,
A9: Address : | B9: =IF('Sch-1(A)'!F9=0, "", 'Sch-1(A)'!F9) | D9: ='Sch-1(A)'!O9 -> North Eastern Region Transmission System
B10: =IF('Sch-1(A)'!F10=0, "", 'Sch-1(A)'!F10) | D10: ='Sch-1(A)'!O10 -> Dongtieh, Lower Nongrah,
B11: =IF('Sch-1(A)'!F11=0, "", 'Sch-1(A)'!F11) | D11: ='Sch-1(A)'!O11 -> Lapalang, Shillong – 793 006 (Meghalaya)
A13: Sl. No. | B13: Item Nos. | D13: Total Price (INR) | I13: After Discount | M13: After MPDiscount
A14: 1 | B14: TOTAL EXCISE DUTY | D14: =#REF!*C16 -> #REF! | I14: Excise Duty | K14: =ROUND('Sch-1(A)'!AF3*C16,0) -> #REF! | M14: Excise Duty | O14: =ROUND('Sch-1(A)'!AF5*C16,0) -> #REF!
B15: Total Excise Duty for direct transaction between the Contractor and the Employer (identified in Schedule 1 as 'Direct') which are not included in the Ex-works price as per the provision of the Bidding Documents, as applicable.
B16: Rate of Excise Duty for Direct items indicated in Sch-1 | C16: ='Sch-2'!#REF! -> #REF!
A17: 2 | B17: TOTAL SALES TAX | D17: =ROUND((C19+C20)*C21,0) -> #REF! | I17: Sales Tax | K17: =IF(ISERROR(ROUND((J19+J20)*C21,0)),0, ROUND((J19+J20)*C21,0)) -> 0 | M17: Sales Tax | O17: =IF(ISERROR(ROUND((N19+N20)*C21,0)),0, ROUND((N19+N20)*C21,0)) -> 0
B18: Total Sales Tax for direct transaction between the Contractor and the Employer (identified in Schedule 1 as 'Direct') which are not included in the Ex-works price as per the provision of the Bidding Documents, as applicable. | I18: =C19/'Sch-1(A)'!AF1 -> #REF! | K18: ='Sch-1(A)'!AF3 -> 0 | M18: =I18 -> #REF! | O18: ='Sch-1(A)'!AF5 -> 0
B19: Amount on which Sales Tax is applicable [only ex-w price] | C19: ='Sch-2'!#REF!*(1-'Sch-1(A)'!V15) -> #REF! | I19: Amount | J19: =I18*K18 -> #REF! | M19: Amount | N19: =M18*O18 -> #REF!
B20: ="Excise duty on this amount @ " & C16*100 & "%" -> #REF! | C20: =C16*C19 -> #REF! | I20: ED | J20: =J19*C16 -> #REF! | M20: ED | N20: =N19*C16 -> #REF!
B21: Rate of Sales Tax | C21: ='Sch-2'!#REF! -> #REF!
A22: 3 | B22: TOTAL VAT | D22: =ROUND((C24+C25)*C26,0) -> #REF! | I22: Vat | K22: =IF(ISERROR(ROUND((J24+J25)*C26,0)),0, ROUND((J24+J25)*C26,0)) -> 0 | M22: Vat | O22: =IF(ISERROR(ROUND((N24+N25)*C26,0)),0, ROUND((N24+N25)*C26,0)) -> 0
B23: Total VAT for direct transaction between the Contractor and the Employer (identified in Schedule 1 as 'Direct') which are not included in the Ex-works price as per the provision of the Bidding Documents, as applicable | I23: =C24/'Sch-1(A)'!AF1 -> #REF! | K23: =K18 -> 0 | M23: =I23 -> #REF! | O23: =O18 -> 0
B24: Amount on which VAT is applicable [only ex-w price] | C24: =#REF!-C19 -> #REF! | I24: Amount | J24: =I23*K23 -> #REF! | M24: Amount | N24: =M23*O23 -> #REF!
B25: ="Excise duty on this amount @ " & C16*100 & "%" -> #REF! | C25: =C24*C16 -> #REF! | I25: ED | J25: =J24*C16 -> #REF! | M25: ED | N25: =N24*C16 -> #REF!
B26: Rate of VAT | C26: ='Sch-2'!#REF! -> #REF!
A27: 4 | B27: TOTAL OCTROI | D27: ='Sch-2'!#REF! -> #REF!
B28: Total Octroi as applicable for destination site/state on all items of supply, as per the provisions of the Bidding Documents, on all items of Schedule 1.
B29: Amount on which Octroi is applicable | C29: Click here for details of Octroi
A30: 5 | B30: TOTAL ENTRY TAX | D30: ='Sch-2'!#REF! -> #REF!
B31: Total Entry Tax as applicable for destination site/state on all items of supply, as per the provisions of the Bidding Documents, on all items of Schedule 1.
B32: Amount on which Entry Tax is applicable | C32: Click here for details of Entry Taxes
A33: 6 | B33: TOTAL OTHER TAXES & DUTIES | D33: ='Sch-2'!#REF! -> #REF!
B34: Total Others levies payable in India (please specify) as applicable for destination site/state on all items of supply, as per the provisions of the Bidding Documents, on all items of Schedule 1.
B35: Amount on which Other Taxes & Duties are applicable | C35: Click here for details of Other Taxes & Duties
B36: GRAND TOTAL [1+2+3] | D36: =SUM(D14,D17,D22) -> #REF! | I36: Grand Total after Discount | K36: =K14+K17+K22 -> #REF! | M36: Grand Total after MPD | O36: =O14+O17+O22 -> #REF!
B37: Above Grand Total does not include Octroi, Entry Tax , Other Taxes & Duties quoted by bidder at Sl. No. 4,5 & 6 above | D37: Plus Octroi, Entry Tax , Other Taxes & Duties quoted by bidder at Sl. No. 4,5 & 6 above
A39: Note : | B39: The reimbursement of Excise Duty, Sales Tax/VAT and other levies as per Sl. No. 1, 2 & 3 above subject to provision of ITB Clause 11.4 shall be only against those items for which the Mode of Transaction indicated in Schedule - 1 is 'Direct'. In case of those items in the said Sechedule-1 against which the mode of transaction has been left blank, the same shall be deemed to be 'Bought-out' for the purpose of Evaluation and award of Contract and the price indicated in Schedule 1 against such items shall be deemed to be inclusive of all such taxes, duties and levies.
A42: Date : | B42: =IF('Sch-1(A)'!D279=0,"", 'Sch-1(A)'!D279) -> -- | C42: Printed Name : | D42: =IF('Sch-1(A)'!O280=0,"",'Sch-1(A)'!O280)
A43: Place : | B43: =IF('Sch-1(A)'!D280=0,"", 'Sch-1(A)'!D280) | C43: Designation : | D43: =IF('Sch-1(A)'!O281=0,"",'Sch-1(A)'!O281)

Sheet Sch-3 After Discount
A1: =Cover!B3 -> Specification No.: NESH/CSM/PRANIT/G1/1500-1316/Pkg-H/NIT | D1: Schedule - 3 After Discount
A3: =Cover!$B$2 -> PACKAGE-G :: Demolition & Re-construction of Residential buildings at Misa substations in NER under O&M Add Cap 2019-24.
A4: (GRAND SUMMARY : AFTER DISCOUNT)
A6: ='Sch-1(A)'!A6 -> Bidder’s Name and Address (Sole Bidder) : | D6: To:
A7: ='Sch-1(A)'!A7 | D7: ='Sch-1(A)'!O7 -> Contracts and Material
A8: Name : | B8: =IF('Sch-1(A)'!F8=0, "", 'Sch-1(A)'!F8) | D8: ='Sch-1(A)'!O8 -> Power Grid Corporation of India Ltd.,
A9: Address : | B9: =IF('Sch-1(A)'!F9=0, "", 'Sch-1(A)'!F9) | D9: ='Sch-1(A)'!O9 -> North Eastern Region Transmission System
B10: =IF('Sch-1(A)'!F10=0, "", 'Sch-1(A)'!F10) | D10: ='Sch-1(A)'!O10 -> Dongtieh, Lower Nongrah,
B11: =IF('Sch-1(A)'!F11=0, "", 'Sch-1(A)'!F11) | D11: ='Sch-1(A)'!O11 -> Lapalang, Shillong – 793 006 (Meghalaya)
A13: Sl. No. | B13: Description | D13: Total Price (INR)
A14: 1 | B14: TOTAL SCHEDULE NO. 1 | D14: ='Sch-1(A)'!O275+'Sch-1(B)'!P61 -> 80615382
A15: 2 | B15: TOTAL SCHEDULE NO. 2 | C15: (Taxes and Duties) | D15: ='Sch-1(A)'!#REF! -> #REF!
B16: Total Price [1+2] | D16: =D14+D15 -> #REF!
A17: 2 | B17: TOTAL SCHEDULE NO. 2 | D17: =#REF! -> #REF!
B18: Local Transportation, Insurance and other Incidental Services
A19: 3 | B19: TOTAL SCHEDULE NO. 3 | D19: =#REF! -> #REF!
B20: Installation Charges
A21: 4 | B21: TOTAL SCHEDULE NO. 4 | D21: Not Applicable
B22: Training Charges
A23: 5 | B23: TOTAL SCHEDULE NO. 5 | D23: ='Sch-5 Dis'!D36:E36 -> #REF!
B24: Taxes and Duties | D24: Plus Octroi, Entry Tax , Other Taxes & Duties quoted by bidder at Sl. No. 4,5 & 6 of Sch-5
A25: 6 | B25: TOTAL SCHEDULE NO. 7 | D25: =#REF! -> #REF!
B26: Type Test Charges [Total of this Schedule is included in Schedule - 1 above.]
B27: GRAND TOTAL [1+2+3+4+5] | D27: =SUM(D14,D17,D19,D21,D23) -> #REF!
D28: =D24 -> Plus Octroi, Entry Tax , Other Taxes & Duties quoted by bidder at Sl. No. 4,5 & 6 of Sch-5
A31: Date : | B31: =IF('Sch-1(A)'!D279=0,"", 'Sch-1(A)'!D279) -> -- | C31: Printed Name : | D31: =IF('Sch-1(A)'!O280=0,"",'Sch-1(A)'!O280)
A32: Place : | B32: =IF('Sch-1(A)'!D280=0,"", 'Sch-1(A)'!D280) | C32: Designation : | D32: =IF('Sch-1(A)'!O281=0,"",'Sch-1(A)'!O281)

Sheet Discount
A1: This letter of discount is optional. Bidder may / may not offer any discount.
A2: =Cover!B3 -> Specification No.: NESH/CSM/PRANIT/G1/1500-1316/Pkg-H/NIT | G2: Letter of Discount
A4: LETTER OF DISCOUNT
A5: To:
A6: Contract Services
A7: Power Grid Corporation of India Ltd.,
A8: "Saudamini", Plot No.-2
A9: Sector-29, (near IFFCO Chowk)
A10: Gurugram (Haryana) - 122001
A12: Subject : | C12: =Cover!$B$2 -> PACKAGE-G :: Demolition & Re-construction of Residential buildings at Misa substations in NER under O&M Add Cap 2019-24.
A13: Dear Sir
A14: With reference to the subject tender, we hereby offer unconditional discount on the prices quoted by us as per details given here below : | J14: Eq Weightage of Rs/ % | N14: Final Discount Factor
B15: 1 | C15: Discount on lum-sum basis on total price quoted by us. In Rs. | I15: ='Sch-1(A)'!#REF! -> #REF! | J15: =IF(I15=0,0,G15/I15) -> #REF! | N15: =J15+J16 -> #REF!
B16: 2 | C16: Discount on percent basis on total price quoted by us . In Percent (%) | I16: ='Sch-1(A)'!#REF! -> #REF! | J16: =G16 -> 0
B17: 3 | C17: Discount on lum-sum basis on the Schedules as given below : [The discount shall be proportionately applicable on all the relevent items of the respective Schdules.] In Rs.
C18: Schedule-1 : Ex works prices (Direct Only) | F18: In Rs. | I18: ='Sch-1(A)'!#REF! -> #REF! | J18: =IF(I18=0,0,G18/I18) -> #REF! | N18: Schedule-1 : (Direct Only) | O18: =J15+J16+J18+J24+J29+J30 -> #REF!
C19: Schedule-1 : Ex works prices (Bought Out Only) | F19: In Rs. | I19: ='Sch-1(A)'!#REF! -> #REF! | J19: =IF(I19=0,0,G19/I19) -> #REF! | N19: Schedule-1 : (Bought Out Only) | O19: =J15+J16+J19+J25+J29+J30 -> #REF!
C20: Schedule-2 : Freight & Insurance | F20: In Rs. | I20: =#REF! -> #REF! | J20: =IF(I20=0,0,G20/I20) -> #REF! | N20: Schedule-2 : Freight & Insurance | O20: =J15+J16+J20+J26+J29+J30 -> #REF!
C21: Schedule-3 : Erection Charges | F21: In Rs. | I21: =#REF! -> #REF! | J21: =IF(I21=0,0,G21/I21) -> #REF! | N21: Schedule-3 : Erection Charges | O21: =J15+J16+J21+J27+J29+J30 -> #REF!
C22: Schedule-7 : Type Test Charges | F22: In Rs. | I22: =#REF! -> #REF! | J22: =IF(I22=0,0,G22/I22) -> #REF! | N22: Schedule-6 : Type Test Charges | O22: =J15+J16+J22+J28+J29+J30 -> #REF!
B23: 4 | C23: Discount on percent basis on the Schedules as given below : [The discount shall be proportionately applicable on all the relevent items of the respective Schdules.] In Percent (%)
C24: Schedule-1 : Ex works prices (Direct Only) | F24: In Percent (%) | I24: ='Sch-1(A)'!#REF! -> #REF! | J24: =G24 -> 0
C25: Schedule-1 : Ex works prices (Bought Out Only) | F25: In Percent (%) | I25: ='Sch-1(A)'!#REF! -> #REF! | J25: =G25 -> 0
C26: Schedule-2 : Freight & Insurance | F26: In Percent (%) | I26: =#REF! -> #REF! | J26: =G26 -> 0
C27: Schedule-3 : Erection Charges | F27: In Percent (%) | I27: =#REF! -> #REF! | J27: =G27 -> 0
C28: Schedule-7 : Type Test Charges | F28: In Percent (%) | I28: =#REF! -> #REF! | J28: =G28 -> 0
B29: 5 | C29: Multipackage discount applicable on this package (TW04) only if other packages covered under the same bidding document is also awarded to us. Discount on lum-sum basis on total price quoted by us without Taxes & Duties. [This discount shall be proportionately applicable on all the items of all the Schdules i.e. Sch-1 (without type test charges), Sch-2, Sch-3 & Sch-7] IN Rs. | I29: ='Sch-1(A)'!#REF!+#REF!+#REF!+#REF! -> #REF! | J29: =IF(I29=0,0,G29/I29) -> #REF!
B30: 3 | C30: Multipackage discount applicable on this package (TW04) only if other packages covered under the same bidding document is also awarded to us. Discount on percent basis on total price quoted by us without Taxes & Duties. [This discount shall be proportionately applicable on all the items of all the Schdules i.e. Sch-1 (without type test charges), Sch-2, Sch-3 & Sch-7] In Percent (%) | I30: ='Sch-1(A)'!#REF!+#REF!+#REF!+#REF! -> #REF! | J30: =G30 -> 0
C31: Discount(s) offered at sl. No. 1 to 2 will automatically get displayed and accounted for in the respective items of the Schedules.
A34: Please consider this letter of discount as the integral part of our price bid.
A35: Thanking you, we remain,
G37: Yours faithfully,
G38: ="For and on behalf of " & 'Sch-1(A)'!F8 -> For and on behalf of
A40: Date : | C40: =IF('Sch-1(A)'!D279=0,"", 'Sch-1(A)'!D279) -> -- | E40: Printed Name : | F40: ='Sch-1(A)'!O280
A41: Place : | C41: =IF('Sch-1(A)'!D280=0,"", 'Sch-1(A)'!D280) | E41: Designation : | F41: ='Sch-1(A)'!O281

Sheet Octroi
A2: Details of Octroi
A4: Sl No. | B4: Description of Items | C4: Amount on which Octroi is applicable | D4: Rate of Octroi | E4: Octroi
A5: (1) | B5: (2) | C5: (3) | D5: (4) | E5: (5) =(3) x (4)
A6: 1 | E6: =C6*D6 -> 0
A7: 2 | E7: =C7*D7 -> 0
A8: 3 | E8: =C8*D8 -> 0
A9: 4 | E9: =C9*D9 -> 0
A10: 5 | E10: =C10*D10 -> 0
A11: 6 | E11: =C11*D11 -> 0
A12: 7 | E12: =C12*D12 -> 0
A13: 8 | E13: =C13*D13 -> 0
A14: 9 | E14: =C14*D14 -> 0
A15: 10 | E15: =C15*D15 -> 0
B16: Total | E16: =SUM(E6:E15) -> 0

Sheet Entry Tax
A2: Details of Entry Tax
A4: Sl No. | B4: Description of Items | C4: Amount on which Entry Tax is applicable | D4: Rate of Entry Tax | E4: Entry Tax
A5: (1) | B5: (2) | C5: (3) | D5: (4) | E5: (5) =(3) x (4)
A6: 1 | E6: =C6*D6 -> 0
A7: 2 | E7: =C7*D7 -> 0
A8: 3 | E8: =C8*D8 -> 0
A9: 4 | E9: =C9*D9 -> 0
A10: 5 | E10: =C10*D10 -> 0
A11: 6 | E11: =C11*D11 -> 0
A12: 7 | E12: =C12*D12 -> 0
A13: 8 | E13: =C13*D13 -> 0
A14: 9 | E14: =C14*D14 -> 0
A15: 10 | E15: =C15*D15 -> 0
B16: Total | E16: =SUM(E6:E15) -> 0

Sheet Other Taxes & Duties
A2: Details of Other Taxes & Duties
A4: Sl No. | B4: Description of Items | C4: Amount on which Other Taxes & Duties are applicable | D4: Description of Taxes & Duties | E4: Rate of Taxes & Duties | F4: Amount of Taxes & Duties
A5: (1) | B5: (2) | C5: (3) | D5: (4) | E5: (5) | F5: (6) =(3) x (5)
A6: 1 | F6: =C6*E6 -> 0
A7: 2 | F7: =C7*E7 -> 0
A8: 3 | F8: =C8*E8 -> 0
A9: 4 | F9: =C9*E9 -> 0
A10: 5 | F10: =C10*E10 -> 0
A11: 6 | F11: =C11*E11 -> 0
A12: 7 | F12: =C12*E12 -> 0
A13: 8 | F13: =C13*E13 -> 0
A14: 9 | F14: =C14*E14 -> 0
A15: 10 | F15: =C15*E15 -> 0
B16: Total | F16: =SUM(F6:F15) -> 0

Sheet Sch-3
A1: =Cover!B3 -> Specification No.: NESH/CSM/PRANIT/G1/1500-1316/Pkg-H/NIT | D1: Schedule -3
A3: =Cover!$B$2 -> PACKAGE-G :: Demolition & Re-construction of Residential buildings at Misa substations in NER under O&M Add Cap 2019-24.
A4: (GRAND SUMMARY )
A6: ='Sch-1(A)'!A6 -> Bidder’s Name and Address (Sole Bidder) : | D6: To:
A7: ='Sch-1(A)'!A7 | D7: ='Sch-1(A)'!O7 -> Contracts and Material
A8: Name : | B8: =IF('Sch-1(A)'!F8=0, "", 'Sch-1(A)'!F8) | D8: ='Sch-1(A)'!O8 -> Power Grid Corporation of India Ltd.,
A9: Address : | B9: =IF('Sch-1(A)'!F9=0, "", 'Sch-1(A)'!F9) | D9: ='Sch-1(A)'!O9 -> North Eastern Region Transmission System
B10: =IF('Sch-1(A)'!F10=0, "", 'Sch-1(A)'!F10) | D10: ='Sch-1(A)'!O10 -> Dongtieh, Lower Nongrah,
B11: =IF('Sch-1(A)'!F11=0, "", 'Sch-1(A)'!F11) | D11: ='Sch-1(A)'!O11 -> Lapalang, Shillong – 793 006 (Meghalaya)
A13: Sl. No. | B13: Description | D13: Total Price (INR)
A14: 1 | B14: TOTAL SCHEDULE NO. 1 | D14: ='Sch-1(B)'!P61+'Sch-1(A)'!O275 -> 80615382
B15: Total QUOTED Price Exclusive of GST | D15: =D14 -> 80615382
A16: 2 | B16: TOTAL SCHEDULE NO. 2 | D16: =#REF! -> #REF!
B17: Local Transportation, Insurance and other Incidental Services
A18: 3 | B18: TOTAL SCHEDULE NO. 3 | D18: =#REF! -> #REF!
B19: Installation Charges
A20: 4 | B20: TOTAL SCHEDULE NO. 4 | D20: Not Applicable
B21: Training Charges
A22: 5 | B22: TOTAL SCHEDULE NO. 5 | D22: ='Sch-2'!#REF! -> #REF!
B23: Taxes and Duties | D23: Plus Octroi, Entry Tax , Other Taxes & Duties quoted by bidder at Sl. No. 4,5 & 6 of Sch-5
A24: 6 | B24: TOTAL SCHEDULE NO. 7 | D24: =#REF! -> #REF!
B25: Type Test Charges [Total of this Schedule is included in Schedule - 1 above.]
B26: GRAND TOTAL [1+2+3+4+5] | D26: =D14 -> 80615382
D27: =D23 -> Plus Octroi, Entry Tax , Other Taxes & Duties quoted by bidder at Sl. No. 4,5 & 6 of Sch-5
A30: Date : | B30: =IF('Sch-1(A)'!D279=0,"", 'Sch-1(A)'!D279) -> -- | C30: Printed Name : | D30: =IF('Sch-1(A)'!O280=0,"",'Sch-1(A)'!O280)
A31: Place : | B31: =IF('Sch-1(A)'!D280=0,"", 'Sch-1(A)'!D280) | C31: Designation : | D31: =IF('Sch-1(A)'!O281=0,"",'Sch-1(A)'!O281)

Sheet Bid Form 2nd Envelope
A1: =Basic!B5 -> Specification No.: NESH/CSM/PRANIT/G1/1500-1316/Pkg-H/NIT | F1: Bid Form 2nd Envelope | Z1: ='Names of Bidder'!D6 -> Sole Bidder | AE1: 1 | AF1: st | AI1: 1 | AJ1: January
Z2: ='Names of Bidder'!AA6 -> 0 | AE2: 2 | AF2: nd | AI2: 2 | AJ2: February
A3: BID FORM (Second Envelope) | AE3: 3 | AF3: rd | AI3: 3 | AJ3: March
AE4: 4 | AF4: th | AI4: 4 | AJ4: April
A5: Bid Proposal Ref. No. | AE5: 5 | AF5: th | AI5: 5 | AJ5: May
A6: Date : | B6: ='Sch-1(A)'!D279 -> -- | AE6: 6 | AF6: th | AG6: =DAY(B6) -> #VALUE! | AI6: 6 | AJ6: June
AE7: 7 | AF7: th | AG7: =MONTH(B6) -> #VALUE! | AI7: 7 | AJ7: July
A8: To: | AE8: 8 | AF8: th | AG8: =LOOKUP(AG7,AI1:AI12,AJ1:AJ12) -> #VALUE! | AI8: 8 | AJ8: August
A9: ='Sch-1(A)'!O7 -> Contracts and Material | AE9: 9 | AF9: th | AG9: =YEAR(B6) -> #VALUE! | AI9: 9 | AJ9: September
A10: ='Sch-1(A)'!O8 -> Power Grid Corporation of India Ltd., | AE10: 10 | AF10: th | AI10: 10 | AJ10: October
A11: ='Sch-1(A)'!O9 -> North Eastern Region Transmission System | AE11: 11 | AF11: th | AI11: 11 | AJ11: November
A12: ='Sch-1(A)'!O10 -> Dongtieh, Lower Nongrah, | AE12: 12 | AF12: th | AI12: 12 | AJ12: December
A13: ='Sch-1(A)'!O11 -> Lapalang, Shillong – 793 006 (Meghalaya) | AE13: 13 | AF13: th
AE14: 14 | AF14: th
A15: Name of Contract : | C15: =Cover!B2 -> PACKAGE-G :: Demolition & Re-construction of Residential buildings at Misa substations in NER under O&M Add Cap 2019-24. | AE15: 15 | AF15: th
A16: Dear Ladies and/or Gentlemen, | AE16: 16 | AF16: th
A17: 1 | B17: =Z17 &AB17 & AC17 & AA17 -> In continuation of First Envelope of our Bid, we hereby submit the Second Envelope of the Bid, both of which shall be read together and in conjunction with each other, and shall be construed as an integral part of our Bid. Accordingly, we the undersigned, offer to execute Pile foundation, Civil and other allied works associated with the above-named package in full conformity with the said Bidding Documents for the sum of Rs. 80615382 (Rs. Eight Crore Six Lac Fifteen Thousand Three Hundred Eighty Two Only) or such other sums as may be determined in accordance with the terms and conditions of the Bidding Documents. | Z17: In continuation of First Envelope of our Bid, we hereby submit the Second Envelope of the Bid, both of which shall be read together and in conjunction with each other, and shall be construed as an integral part of our Bid. Accordingly, we the undersigned, offer to execute Pile foundation, Civil and other allied works associated with the above-named package in full conformity with the said Bidding Documents for the sum of Rs. | AA17: or such other sums as may be determined in accordance with the terms and conditions of the Bidding Documents. | AB17: ='Sch-3 After Discount'!D14 -> 80615382 | AC17: =" (" & 'N to W'!A4 & ")" -> (Rs. Eight Crore Six Lac Fifteen Thousand Three Hundred Eighty Two Only) | AE17: 17 | AF17: th
B18: The above amounts are in accordance with the price schedules attached herewith and are made part of this bid. | AE18: 18 | AF18: th
A19: 2 | B19: Price Schedules | AE19: 19 | AF19: th
A20: 2.1 | B20: In line with the requirements of the Bidding documents, we enclose herewith the following Price Schedules, duly filled - in as per your proforma: | AE20: 20 | AF20: th
B21: Schedule 1(A) | D21: Price Components (Price Break-up) SCHEDULED ITEM | AE21: 21 | AF21: st
B22: Schedule 1(B) | D22: Price Components (Price Break-up) NON-SCHEDULED ITEM
B23: Schedule 3 | D23: Grand Summary | AE23: 26 | AF23: th
A25: 2.2 | B25: We are aware that the Price Schedules do not generally give a full description of the Work to be performed under each item and we shall be deemed to have read the Technical Specifications and other sections of the Bidding Documents and Drawings to ascertain the full scope of Work included in each item while filling-in the rates and prices. We agree that the entered rates and prices shall be deemed to include for the full scope as aforesaid, including overheads and profit. | AE25: 28 | AF25: th
A26: 2.3 | B26: We declare that as specified in Clause 11.4.2, Section –II:ITB, Vol.-I of the Bidding Documents, prices quoted by us in the Price Schedules shall be subject to Price Adjustment during the execution of Contract in accordance with Appendix 2 (Price Adjustment) to the Contract agreement. | AE26: 29 | AF26: th
A27: 2.4 | B27: We understand that in the price schedules, where there are errors between the total of the amounts given under the column for the price Breakdown and the amount given under the Total Price, the former shall prevail and the latter will be corrected accordingly. We further understand that where there are discrepancies between amounts stated in figures and amounts stated in words, the amount stated in words shall prevail. Similarly, any discrepancy in the total bid price and that of the summation of Schedule price (price indicated in a Schedule indicating the total of that schedule), the total bid price shall be corrected to reflect the actual summation of the Schedule prices. | AE27: 30 | AF27: th
A28: 2.5 | B28: We declare that items left blank in the Schedules will be deemed to have been included in other items. The TOTAL for each Schedule and the TOTAL of Grand Summary shall be deemed to be the total price for executing the Facilities and sections thereof in complete accordance with the Contract, whether or not each individual item has been priced. | AE28: 31 | AF28: st
A29: 3 | B29: We confirm that except as otherwise specifically provided our Bid Prices in this Second Envelope include all taxes, duties, levies and charges as may be assessed on us, our Sub-Contractor/Sub-Vendor or their employees by all municipal, state or national government authorities in connection with the Facilities, in and outside of India.
A30: 3.1 | B30: 100% of applicable Taxes and Duties i.e GST , which are payable by the Employer under the Contract, shall be reimbursed by the Employer on production of satisfactory documentary evidence by the Contractor in accordance with the provisions of the Bidding Documents.
A31: 3.2 | B31: We further understand that notwithstanding 3.0 above, in case of award on us, you shall also bear and pay/reimburse to us, GST applicable on Services specified in Schedule No. 1 of the Price Schedule in this Second Envelope, by the Indian Laws.
A32: 4 | B32: # (For Joint Venture only) We, the partners of Joint Venture submitting this bid, do agree and confirm that in case of Award of Contract on the Joint Venture, we shall be jointly and severally liable and responsible for the execution of the Contract in accordance with Contract terms and conditions.
A33: 5 | B33: We, hereby, declare that only the persons or firms interested in this proposal as principals are named here and that no other persons or firms other than those mentioned herein have any interest in this proposal or in the Contract to be entered into, if the award is made on us, that this proposal is made without any connection with any other person, firm or party likewise submitting a proposal is in all respects for and in good faith, without collusion or fraud.
B34: =IF(ISERROR("Dated this " & AG6 & LOOKUP(AG6,AE1:AE28,AF1:AF28) & " day of " & AG8 & " " &AG9), "", "Dated this " & AG6 & LOOKUP(AG6,AE1:AE28,AF1:AF28) & " day of " & AG8 & " " &AG9)
B35: Thanking you, we remain,
F36: Yours faithfully,
F37: ="For and on behalf of " & 'Sch-1(A)'!F8 -> For and on behalf of
A39: Date : | B39: ='Sch-1(A)'!D279 -> -- | E39: Printed Name : | F39: ='Sch-1(A)'!O280
A40: Place : | B40: ='Sch-1(A)'!D280 | E40: Designation : | F40: ='Sch-1(A)'!O281
A42: =IF('Names of Bidder'!D6="Sole Bidder", "", "In case of bid from a Joint Venture, name & designation of representative of JV partner is to be provided and Bid Form is also to be signed by him.")
C43: =IF(Z2="2 or More", "Other Partner-2", "") | F43: =IF(Z2=1,"Other Partner",IF(Z2="2 or More","Other Partner-1",""))
B45: =IF(Z2="2 or More", "Printed Name :", "") | E45: =IF(Z1="Sole Bidder", "", "Printed Name :")
B46: =IF(Z2="2 or More", "Designation :", "") | E46: =IF(Z1="Sole Bidder", "", "Designation :")
B47: =IF(Z2=2, "Common Seal :", "")
A48: Please provide additional information of the Bidder
A49: Business Address :
A52: Country of Incorporation :
A53: State/Province to be indicated :
A54: Name of Principal Officer :
A55: Address of Principal Officer :
A59: * * *

Sheet Q & C
B1: STATEMENT OF QUOTED / CORRECTED PRICES
D3: All Figures are in Rupees
A4: Bidder | D4: ='Sch-1(A)'!F8
A5: Sl. No. | B5: Price Component | D5: Quoted Price | E5: Corrected Price
A6: 1 | B6: TOTAL SCHEDULE NO. 1:Ex-Works Price of Plant and Equipment including Type Test Charges | D6: ='Sch-3'!D14 -> 80615382 | F6: =D6 -> 80615382
A7: 2 | B7: TOTAL SCHEDULE NO.2: Local Transportation, Insurance and other Incidental Services. | D7: ='Sch-3'!D16 -> #REF! | F7: =D7 -> #REF!
A8: 3 | B8: TOTAL SCHEDULE NO.3: Installation Charges | D8: ='Sch-3'!D18 -> #REF! | F8: =D8 -> #REF!
A9: 4 | B9: TOTAL SCHEDULE NO.4: Training Charges | D9: Not Applicable | F9: =D9 -> Not Applicable
A10: 5 | B10: TOTAL BID PRICE: (Excluding Taxes & Duties) | D10: =SUM(D6,D7,D8) -> #REF! | F10: =F6+F7+F8 -> #REF!
A11: 6 | B11: DISCOUNT | D11: ='Sch-1(A)'!#REF!+#REF!+#REF!+#REF! -> #REF! | F11: =D11 -> #REF!
A12: 7 | B12: NET BID PRICE (Excluding Taxes & Duties) | D12: =D10-D11 -> #REF! | F12: =F10-F11 -> #REF!
A13: 8 | B13: TAXES & DUTIES PAYABLE ADDITIONALLY
B14: A) EXCISE DUTY | D14: ='Sch-2'!K14 -> #REF! | F14: =F32 -> 0
B15: B) CENTRAL SALES TAX /VAT | D15: ='Sch-2'!#REF!+'Sch-2'!#REF! -> #REF! | F15: =F33 -> #REF!
B16: C) ENTRY TAX / OCTROI | D16: =#REF!+#REF! -> #REF! | F16: =F36 -> #REF!
B17: D) OTHERS | D17: =#REF! -> #REF! | F17: =F34 -> 0
B18: E) TOTAL TAXES & DUTIES | D18: =D14+D15+D16+D17 -> #REF! | F18: =SUM(F14:F17) -> #REF!
A19: 8 | B19: TOTAL BID PRICE (INCLUDING TAXES & DUTIES) | D19: =D10+D18 -> #REF! | F19: =F10+F18 -> #REF!
A20: 9 | B20: TOTAL SCHEDULE NO.7: Type Test Charges [Total of this Schedule is included in Schedule-1 above] | D20: ='Sch-1(A)'!#REF! -> #REF! | F20: =D20 -> #REF!
A21: I) | B21: Bidder has indicated the following taxes and duties additionally applicable for their bid:
A22: a) | B22: Excise Duty | E22: Rs. | F22: =D14 -> #REF!
A23: b) | B23: CST /VAT | E23: Rs. | F23: =D15 -> #REF!
A24: c) | B24: Entry Tax / Octroi | E24: Rs. | F24: =D16 -> #REF!
A25: d) | B25: Others | E25: Rs. | F25: =D17 -> #REF!
A26: II) | B26: Bidder has offered following discount(s)
A30: III) | B30: With regard to Entry Tax, it may be mentioned that the substations covered under the subject pacakge falls in State of MP, where an entry tax @ 1% of Purchase Price is applicable. In view of the above, the taxes and duties inter-alia including entry tax applicable for the bids are calculated : | H30: Details of dicounts
A31: a) | B31: Ex-Works Price of Direct Supplies (after discount, if any) | E31: Rs. | F31: ='Sch-1(A)'!AF3 -> 0 | H31: Gross LS | I31: =#REF! -> #REF! | J31: =IF(I31=0, "", I31) -> #REF! | K31: =IF(I31=0, "", "Discount on lum-sum basis on total price quoted by us without Taxes & Duties. In Rs. ") -> #REF! | L31: Gross % | M31: =#REF! -> #REF! | N31: =IF(M31=0, "", M31) -> #REF! | O31: =IF(M31=0, "", " Discount on lum-sum basis on total price quoted by us without Taxes & Duties. In Percent (%) .") -> #REF!
A32: b) | B32: Excise Duty @ 10.3% of (a) above | E32: Rs. | F32: =ROUND(0.103*F31,0) -> 0 | K32: =IF(SUM(I33:I37)=0, "", "Discount on lum-sum basis on the Schedules as given below , In Rs. :") -> #REF! | O32: =IF(SUM(M33:M37)=0, "", "Discount on lum-sum basis on the Schedules as given below , In Percent (%) :") -> #REF!
A33: c) | B33: CST / VAT @ 2% of Ex-Works of Direct Supplies (a) + ED (b) above | E33: Rs. | F33: ='Sch-2'!#REF!+'Sch-2'!#REF! -> #REF! | H33: Sch-1 Direct LS | I33: =#REF! -> #REF! | J33: =IF(I33=0, "", I33) -> #REF! | K33: =IF(I33=0, "", "Schedule-1 : Ex works prices (Direct Only)") -> #REF! | L33: Sch-1 Direct % | M33: =#REF! -> #REF! | N33: =IF(M33=0, "", M33) -> #REF! | O33: =IF(M33=0, "", "Schedule-1 : Ex works prices (Direct Only)") -> #REF!
A34: d) | B34: Others | E34: Rs. | H34: Sch-1 BO LS | I34: =#REF! -> #REF! | J34: =IF(I34=0, "", I34) -> #REF! | K34: =IF(I34=0, "", "Schedule-1 : Ex works prices (Bought Out Only)") -> #REF! | L34: Sch-1 BO % | M34: =#REF! -> #REF! | N34: =IF(M34=0, "", M34) -> #REF! | O34: =IF(M34=0, "", "Schedule-1 : Ex works prices (Bought Out Only)") -> #REF!
A35: e) | B35: Purchase Price for Entry Tax (Total Ex-Works+F&I+ED+CST+Others) | E35: Rs. | F35: =D6+D7+F32+F33+F34 -> #REF! | H35: Sch-2 LS | I35: =#REF! -> #REF! | J35: =IF(I35=0, "", I35) -> #REF! | K35: =IF(I35=0, "", "Schedule-2 : Freight & Insurance") -> #REF! | L35: Sch-2 % | M35: =#REF! -> #REF! | N35: =IF(M35=0, "", M35) -> #REF! | O35: =IF(M35=0, "", "Schedule-2 : Freight & Insurance") -> #REF!
A36: f) | B36: Entry Tax @ 1% of (e) above | E36: Rs. | F36: =ROUND(0.01*F35,0) -> #REF! | H36: Sch-3 LS | I36: =#REF! -> #REF! | J36: =IF(I36=0, "", I36) -> #REF! | K36: =IF(I36=0, "", "Schedule-3 : Erection Charges") -> #REF! | L36: Sch-3 % | M36: =#REF! -> #REF! | N36: =IF(M36=0, "", M36) -> #REF! | O36: =IF(M36=0, "", "Schedule-3 : Erection Charges") -> #REF!
H37: Sch-7 LS | I37: =#REF! -> #REF! | J37: =IF(I37=0, "", I37) -> #REF! | K37: =IF(I37=0, "", "Schedule-7 : Type Test Charges") -> #REF! | L37: Sch-7 % | M37: =#REF! -> #REF! | N37: =IF(M37=0, "", M37) -> #REF! | O37: =IF(M37=0, "", "Schedule-7 : Type Test Charges") -> #REF!
A38: =Cover!B2 -> PACKAGE-G :: Demolition & Re-construction of Residential buildings at Misa substations in NER under O&M Add Cap 2019-24. | D38: Statement of Quoted / Corrected Prices | F38: Page | H38: Different Manner | I38: =#REF! -> #REF!
H39: Text for Discount | I39: =K31 &J31 &O31 & N31 -> #REF!
I40: =K32 & K33&J33&K34&J34&K35&J35&K36&J36&K37&J37 -> #REF!
I41: =O32&O33&N33&O34&N34&O35&N35&O36&N36&O37&N37 -> #REF!

Sheet N to W
A1: ='Bid Form 2nd Envelope'!AB17 -> 80615382
A4: =IF(OR((A1>9999999999),(A1<0)),"Invalid Entry - More than 1000 crore OR -ve value",IF(A1=0, "Rs. Zero Only ",+CONCATENATE("Rs. ", B11,D11,B10,D10,B9,D9,B8,D8,B7,D7,B6," Only"))) -> Rs. Eight Crore Six Lac Fifteen Thousand Three Hundred Eighty Two Only
A6: =-INT(A1/100)*100+ROUND(A1,0) -> 82 | B6: =IF(A6=0,"",LOOKUP(A6,$A$13:$A$112,$B$13:$B$112)) -> Eighty Two
A7: =-INT(A1/1000)*10+INT(A1/100) -> 3 | B7: =IF(A7=0,"",LOOKUP(A7,$A$13:$A$112,$B$13:$B$112)) -> Three | D7: =+IF(B7="",""," Hundred ") -> Hundred
A8: =-INT(A1/100000)*100+INT(A1/1000) -> 15 | B8: =IF(A8=0,"",LOOKUP(A8,$A$13:$A$112,$B$13:$B$112)) -> Fifteen | D8: =IF((B8=""),IF(C8="",""," Thousand ")," Thousand ") -> Thousand
A9: =-INT(A1/10000000)*100+INT(A1/100000) -> 6 | B9: =IF(A9=0,"",LOOKUP(A9,$A$13:$A$112,$B$13:$B$112)) -> Six | D9: =IF((B9=""),IF(C9="",""," Lac ")," Lac ") -> Lac
A10: =-INT(A1/1000000000)*100+INT(A1/10000000) -> 8 | B10: =IF(A10=0,"",LOOKUP(A10,$A$13:$A$112,$B$13:$B$112)) -> Eight | D10: =IF((B10=""),IF(C10="",""," Crore ")," Crore ") -> Crore
A11: =-INT(A1/10000000000)*1000+INT(A1/1000000000) -> 0 | B11: =IF(A11=0,"",LOOKUP(A11,$A$13:$A$112,$B$13:$B$112)) | D11: =IF((B11=""),IF(C11="",""," Hundred ")," Hundred ")
A13: 1 | B13: One
A14: 2 | B14: Two
A15: 3 | B15: Three
A16: 4 | B16: Four
A17: 5 | B17: Five
A18: 6 | B18: Six
A19: 7 | B19: Seven
A20: 8 | B20: Eight
A21: 9 | B21: Nine
A22: 10 | B22: Ten
A23: 11 | B23: Eleven
A24: 12 | B24: Twelve
... A112: 100 | B112: One Hundred

Sheet Sheet1

Sheet Sheet2
